 Dungeon Crawl Stone Soup version 0.23.0 (webtiles) character file.

Game seed: 12806970839266914067

2502897 Jannitor the Slayer (level 27, 291/301 HPs)
             Began as an Ogre Chaos Knight on Feb 10, 2019.
             Was a Favourite Plaything of Xom.
             Escaped with the Orb
             ... and 4 runes!
             The game lasted 03:40:56 (64585 turns).

Jannitor the Slayer (Ogre Chaos Knight)            Turns: 64585, Time: 03:40:57

Health: 291/301    AC: 21    Str: 26    XL:     27
Magic:  21/35      EV: 16    Int: 22    God:    Xom [....*.]
Gold:   3812       SH: 29    Dex: 17    Spells: 11/61 levels left

rFire    + . .     SeeInvis +   R - +7 demon trident (vamp)
rCold    + + +     Gourm    .   Z - +8 large shield of Cunt {rPois rF+ rN++ Slay-2}
rNeg     + + +     Faith    .   y - +6 acid dragon scales
rPois    +         Spirit   .   L - +2 hat of the Raven {-Tele rC+++ SInv}
rElec    +         Reflect  .   r - +1 cloak {rPois}
rCorr    +         Harm     .   (gloves unavailable)
MR       +++..     Clarity  +   (boots unavailable) Stlth +.........NoTele +
                                J - amulet "Bukedgh" {+Rage rElec rC+++ MP-9 Dex+2}
HPRegen  0.60/turn              t - ring of Havaroes {rN+ Dex+5 SInv}
MPRegen  0.24/turn              C - +4 ring of slaying

@: deflect missiles
A: large, unfitting armour, beak, claws 1, thin skeletal structure 1, clarity,
deterioration 1, magic resistance 1, sense surroundings 1, strong 1, tough skin
1
0: Orb of Zot
}: 4/15 runes: decaying, silver, abyssal, gossamer
a: Renounce Religion, Evoke Berserk Rage


You escaped.
You worshipped Xom.
You were a beloved toy of Xom.
You were very hungry.

You visited 9 branches of the dungeon, and saw 49 of its levels.
You visited the Abyss 2 times.
You also visited: Trove, Gauntlet and Wizlab.

You collected 8090 gold pieces.
You spent 4278 gold pieces at shops.

Inventory:

Hand Weapons
 R - a +7 vampiric demon trident (weapon)
 V - the +7 trident of Iconoclasm {elec, *Drain rPois rN+}
   (You bought it in a shop on level 2 of the Orcish Mines)

   Occasionally, upon striking a foe, it will discharge some electrical energy
   and cause terrible harm.
   It protects you from poison.
   It protects you from negative energy.
   It causes draining when unequipped.
 Y - a +9 demon trident of freezing
Armour
 d - a +4 large shield
 g - the +5 hat of Purpose {MR+}
   (You found it in a Gauntlet)

   It affects your resistance to hostile enchantments.
 r - a +1 cloak of poison resistance (worn)
 y - +6 acid dragon scales (worn)
 L - the +2 hat of the Raven (worn) {-Tele rC+++ SInv}
   (You acquired it on level 3 of the Elven Halls)

   It renders you almost immune to cold.
   It lets you see invisible.
   It prevents most forms of teleportation.
 Z - the +8 large shield of Cunt (worn) {rPois rF+ rN++ Slay-2}
   (You found it on level 5 of the Dungeon)

   It affects your accuracy and damage with ranged weapons and melee attacks
   (-2).
   It protects you from fire.
   It protects you from poison.
   It greatly protects you from negative energy.
Jewellery
 t - the ring of Havaroes (left claw) {rN+ Dex+5 SInv}
   (You found it on level 4 of the Dungeon)

   [ring of see invisible]

   It affects your dexterity (+5).
   It protects you from negative energy.
   It lets you see invisible.
 C - a +4 ring of slaying (right claw)
 J - the amulet "Bukedgh" (around neck) {+Rage rElec rC+++ MP-9 Dex+2}
   (You took it off a necromancer on level 3 of the Depths)

   [amulet of rage]

   It affects your dexterity (+2).
   It renders you almost immune to cold.
   It insulates you from electricity.
   It affects your magic capacity (-9).
   It lets you go berserk.
 U - the ring of Peace {*Slow rF+ AC+4 Dex+7}
   (You found it on level 1 of the Depths)

   [ring of protection]

   It affects your AC (+4).
   It affects your dexterity (+7).
   It protects you from fire.
   It may slow you when you take damage.
Wands
 h - a wand of iceblast (49)
 i - a wand of digging (1)
 B - a wand of scattershot (5)
 S - a wand of acid (9)
 X - a wand of clouds (3)
Scrolls
 e - 19 scrolls of fear
 f - 6 scrolls of blinking
 k - a scroll of noise
 l - 15 scrolls of teleportation
 m - 10 scrolls of magic mapping
 o - 26 scrolls of remove curse
 p - 12 scrolls of amnesia
 w - 2 scrolls of brand weapon
 x - 4 scrolls of silence
 H - 4 scrolls of immolation
 K - 13 scrolls of identify
 M - a scroll of summoning
 N - 11 scrolls of fog
 P - 4 scrolls of holy word
Potions
 a - 5 potions of berserk rage
 b - a potion of agility
 n - 2 potions of haste
 q - 11 potions of mutation
 s - 11 potions of flight
 u - 7 potions of ambrosia
 v - 14 potions of curing
 z - 9 potions of lignification
 A - 2 potions of resistance
 D - a potion of invisibility
 F - 10 potions of might
 G - a potion of magic
 O - 10 potions of brilliance
 Q - 5 potions of cancellation
 T - 7 potions of heal wounds
Miscellaneous
 j - a fan of gales
 E - 3 sacks of spiders
 I - a phial of floods
Comestibles
 c - 65 rations


   Skills:
 - Level 22.3 Fighting
 - Level 14.0 Polearms
 - Level 13.1 Armour
 - Level 10.6 Dodging
 - Level 15.0 Shields
 + Level 17.7 Spellcasting
 - Level 5.9 Hexes
 + Level 14.5 Charms
 - Level 16.7 Summonings
 + Level 20.8 Necromancy
 - Level 11.0 Air Magic


You had 11 spell levels left.
You knew the following spells:

 Your Spells              Type           Power        Failure   Level  Hunger
a - Animate Skeleton      Necr           N/A          0%          1    None
b - Spectral Weapon       Hex/Chrm       ######..     1%          3    None
c - Regeneration          Chrm/Necr      #######...   0%          3    None
d - Confusing Touch       Hex            #####.       1%          1    None
e - Summon Mana Viper     Hex/Summ       ######..     1%          5    #......
f - Necromutation         Tmut/Necr      ######....   96%         8    #######
g - Haunt                 Necr/Summ      #######...   1%          7    ######.
h - Deflect Missiles      Chrm/Air       ######....   2%          6    ####...
i - Borgnjor's Revivific  Necr           #######...   4%          8    #######
j - Infestation           Necr           #######...   4%          8    #######

Your spell library contained the following spells:

 Spells                   Type           Power        Failure   Level  Hunger
 Infusion                 Chrm           ####         0%          1    None
 Pain                     Necr           ####         0%          1    None
 Summon Butterflies       Summ           #######.     0%          1    None
 Summon Small Mammal      Summ           ####         0%          1    None
 Call Imp                 Summ           #######.     0%          2    None
 Corpse Rot               Necr           N/A          0%          2    None
 Song of Slaying          Chrm           ######..     0%          2    None
 Sublimation of Blood     Necr           #######...   0%          2    None
 Call Canine Familiar     Summ           #######.     0%          3    None
 Vampiric Draining        Necr           #######...   0%          3    None
 Animate Dead             Necr           N/A          0%          4    None
 Agony                    Necr           #######.     0%          5    #......
 Dispel Undead            Necr           #######.     0%          5    #......
 Corona                   Hex            #####..      1%          1    None
 Shock                    Conj/Air       ####         1%          1    None
 Ensorcelled Hibernation  Hex/Ice        ####..       1%          2    None
 Shroud of Golubria       Chrm/Tloc      ######....   1%          2    None
 Slow                     Hex            #####...     1%          2    None
 Swiftness                Chrm/Air       ######..     1%          2    None
 Confuse                  Hex            #####...     1%          3    None
 Mephitic Cloud           Conj/Pois/Air  #####...     1%          3    None
 Recall                   Summ/Tloc      N/A          1%          3    None
 Static Discharge         Conj/Air       #####...     1%          3    None
 Tukima's Dance           Hex            #####...     1%          3    None
 Airstrike                Air            ######....   1%          4    None
 Summon Ice Beast         Ice/Summ       ######..     1%          4    None
 Summon Lightning Spire   Summ/Air       ######..     1%          4    None
 Aura of Abjuration       Summ           #######...   1%          5    #......
 Bolt of Draining         Conj/Necr      ######....   1%          5    #......
 Excruciating Wounds      Chrm/Necr      #######...   1%          5    #......
 Summon Demon             Summ           #######...   1%          5    #......
 Shadow Creatures         Summ           N/A          1%          6    ####...
 Dazzling Spray           Conj/Hex       ####..       2%          3    None
 Inner Flame              Hex/Fire       ####....     2%          3    None
 Cause Fear               Hex            #####.....   2%          4    None
 Silence                  Hex/Air        ######....   2%          5    #......
 Summon Forest            Summ/Tloc      ######....   2%          5    #......
 Summon Hydra             Summ           #######...   2%          7    ######.
 Apportation              Tloc           ###...       3%          1    None
 Flame Tongue             Conj/Fire      ###..        3%          1    None
 Magic Dart               Conj           ###.         3%          1    None
 Sandblast                Erth           ###...       3%          1    None
 Blink                    Tloc           N/A          4%          2    None
 Passwall                 Tmut/Erth      ###.....     4%          2    None
 Throw Flame              Conj/Fire      ###...       4%          2    None
 Lightning Bolt           Conj/Air       #####.....   9%          5    #......
 Conjure Flame            Conj/Fire      ###.....     10%         3    None
 Ignite Poison            Fire/Tmut/Pois ###.....     10%         3    None
 Lesser Beckoning         Tloc           ###.......   10%         3    None
 Stone Arrow              Conj/Erth      ###...       10%         3    None
 Leda's Liquefaction      Hex/Erth       ####......   10%         4    None
 Death's Door             Chrm/Necr      #######...   14%         8    #######
 Yara's Violent Unravell  Hex/Tmut       ####......   26%         5    #......
 Petrify                  Tmut/Erth      ###.....     30%         4    None
 Sticky Flame             Conj/Fire      ###.....     30%         4    None
 Darkness                 Hex            #####.....   41%         6    ####...
 Invisibility             Hex            #####...     41%         6    ####...
 Conjure Ball Lightning   Conj/Air       #####.....   45%         6    ####...
 Alistair's Intoxication  Tmut/Pois      ###.....     65%         5    #......
 Bolt of Magma            Conj/Fire/Erth ###.......   65%         5    #......
 Fireball                 Conj/Fire      ###.......   65%         5    #......
 Irradiate                Conj/Tmut      ###.......   65%         5    #......
 Lee's Rapid Deconstruct  Erth           ###.......   65%         5    #......
 Ring of Flames           Chrm/Fire      ######....   80%         7    ######.
 Bolt of Cold             Conj/Ice       ###.......   99%         6    ####...
 Bolt of Fire             Conj/Fire      ###.......   99%         6    ####...
 Hydra Form               Tmut           ###.......   99%         6    ####...
 Iron Shot                Conj/Erth      ###.......   99%         6    ####...
 Statue Form              Tmut/Erth      ###......    99%         6    ####...
 Dragon Form              Tmut           ###.......   100%        7    ######.
 Orb of Destruction       Conj           ###.......   100%        7    ######.
 Discord                  Hex            #####.....   100%        8    #######
 Ignition                 Fire           ###.......   100%        8    #######
 Shatter                  Erth           ###.......   100%        9    #######
 Tornado                  Air            ######....   100%        9    #######
 Passage of Golubria      Tloc           Unusable     N/A         4    N/A

Dungeon Overview and Level Annotations

Branches:
Dungeon (15/15)            Temple (0/1) D:5            Lair (6/6) D:8
  Swamp (4/4) Lair:4       Spider (4/4) Lair:3        Slime (0/5) Lair:6
    Orc (2/2) D:11            Elf (3/3) Orc:2        Vaults (5/5) D:13
  Crypt (0/3) Vaults:2     Depths (5/5) D:15            Zot (5/5) Depths:5

Altars:
Ashenzari
Dithmenos
Elyvilon
Fedhas
Gozag
Kikubaaqudgha
Makhleb
Okawaru
Qazlal
Ru
Uskayaw
Vehumet
Wu Jian
Xom
Zin
The Shining One
Beogh
Jiyva
Lugonu

Shops:
D:5 }   Orc:1 :   Orc:2 :(([   Elf:3 ?*(   Vaults:2 ((   Vaults:5 }
Depths:1 =   Depths:2 !!**}

Portals:
Hell: Depths:1 Depths:2 Depths:3 Depths:4 Depths:5
Abyss: Depths:1 Depths:3
Pandemonium: Depths:1 Depths:3
Ziggurat: Depths:3

Annotations:
D:7 1 runed translucent door, Crazy Yiuf
D:15 2 runed translucent doors, Jussuw Iff's ghost, adept KoGl
Spider:1 2 transporters, Limed's ghost, journeyman DDFi
Spider:4 exclusion: 3 doors
Elf:1 3 runed translucent doors, Fuonemn's ghost, veteran DDBe
Elf:2 1 runed translucent door, agentgt's ghost, adept HuVM
Depths:1 3 runed translucent doors, Cykl0x's ghost, adept MiFi
Abyss:1 Natasha


Innate Abilities, Weirdness & Mutations

You are too large for most types of armour.
You have tough skin. (AC +1)
You have a beak for a mouth.
You have sharp fingernails.
You have a somewhat thin skeletal structure. (Dex +2, Stealth)
You possess an exceptional clarity of mind.
Your body sometimes deteriorates upon taking damage.
You are resistant to hostile enchantments. (MR+)
You passively map a small area around you.
Your muscles are strong. (Str +2)


Message History

The sixfirhy barely misses you. You block the sixfirhy's attack.
The balrug moves out of view.
You are feeling very hungry.
You block the sixfirhy's attack.
The sixfirhy hits you but does no damage.
You block the sixfirhy's attack. x2
Unknown command.
There is an open door here.
You block the sixfirhy's attack. x3
The sixfirhy closely misses you. You block the sixfirhy's attack. x2
You hear a grinding noise.
You block the sixfirhy's attack. x2
The sixfirhy hits you but does no damage.
The sixfirhy closely misses you. You block the sixfirhy's attack.
There is a staircase leading out of the dungeon here.
You block the sixfirhy's attack. The sixfirhy misses you.
You block the sixfirhy's attack.
The sixfirhy hits you but does no damage. x2
The sixfirhy barely misses you.
You have escaped!

##### ....#
#########
###.#####♣P≈♣≈♣3@#
#.....#P♣♣..33.#
###.###.+.....≈♣♣#
..#.# ###♣♣.≈♣PP♣
..#.# #.##'#####
..#.###.# #.#
..#.##.####.#
2...........#
#.#...#######


You could see a sun demon and 2 sixfirhies.

Vanquished Creatures
  2 orbs of fire (Zot:5)
  2 ancient liches
  9 Killer Klowns
  Margery (Depths:3)
  Frederick (Depths:5)
  A curse toe (Zot:2)
  Saint Roka (Depths:3)
  4 caustic shrikes
  10 golden dragons
  the Enchantress (Depths:2)
  A Tzitzimitl (Depths:4)
  3 electric golems
  2 iron giants
  17 tentacled monstrosities
  Jorgrun (Spider:1)
  Rupert (Lair:3)
  21 Orb Guardians (Zot:5)
  6 quicksilver dragons
  A deep elf master archer (Elf:3)
  The ghost of Decrayps the Ninja, a veteran FeEn of Elyvilon (Zot:1)
  5 liches
  3 titans
  2 deep elf blademasters
  2 tentacled starspawn (Abyss:5)
  8 death cobs
  2 sphinxes
  2 ancient champions
  An Executioner (Zot:5)
  6 tengu reavers
  10 shadow dragons
  An azure jelly (shapeshifter) (Vaults:5)
  12 storm dragons
  A draconian monk (Zot:1)
  A revenant (Vaults:2)
  9 draconian knights
  5 fire giants
  The ghost of P0WERM0DE the Champion of Chaos, a journeyman DDFi of Makhleb (Spider:4)
  An orc warlord (Vaults:2)
  5 ghost moths
  A ghost moth (shapeshifter) (Vaults:5)
  11 vault wardens
  3 deep elf elementalists
  9 frost giants
  3 draconian scorchers
  5 deep elf sorcerers
  An iron dragon (Vaults:5)
  4 spriggan defenders
  3 war gargoyles (Vaults:5)
  2 emperor scorpions
  A ghoul (Vaults:2)
  9 ironheart preservers
  3 draconian annihilators (Zot:2)
  6 draconian shifters
  5 vampire knights
  33 stone giants
  7 very ugly things
  8 entropy weavers
  2 minotaurs
  A dire elephant (D:15)
  4 deep elf demonologists
  13 yellow draconians
  7 black draconians
  8 green draconians
  3 deep elf annihilators (Elf:3)
  5 purple draconians
  9 red draconians
  A spark wasp (shapeshifter) (Vaults:4)
  8 spark wasps
  6 white draconians
  18 ettins
  2 green deaths
  3 eidola
  Josephine (D:15)
  10 deep elf death magi
  A crystal guardian (Vaults:4)
  8 fire dragons
  A merfolk impaler (Depths:1)
  5 great orbs of eyes
  22 yaktaur captains
  5 deep elf high priests
  4 rakshasas
  8 small abominations
  8 ice dragons
  36 vault guards
  Erolcha (D:13)
  10 centaur warriors
  2 shambling mangroves
  7 spriggan air magi
  17 hydras
  Harold (D:9)
  A ghost crab (Swamp:4)
  7 ogre magi
  2 death knights (Vaults:2)
  19 two-headed ogres
  13 alligators
  27 dancing weapons
  6 deep troll earth magi
  2 death scarabs (Gauntlet)
  A queen ant (Lair:2)
  6 deep troll shamans
  10 thrashing horrors
  A soul eater (Depths:4)
  4 tengu warriors (Depths:2)
  7 orc high priests
  4 spriggan berserkers
  The ghost of puimuR the Skirmisher, a novice DDIE of Makhleb (D:9)
  A shock serpent (shapeshifter) (Depths:1)
  30 hell knights
  12 large abominations
  2 spatial maelstroms (Abyss:5)
  A wretched star (Abyss:5)
  2 spectral death yaks (Gauntlet)
  4 shadow wraiths
  24 skeletal warriors
  22 deep elf knights
  A salamander mystic (Depths:3)
  3 iron trolls (Depths:1)
  2 sixfirhies
  9 flayed ghosts
  A glowing orange brain (Depths:4)
  3 spriggan druids
  A sea snake (Orc:2)
  9 unseen horrors
  A shadow demon (Depths:1)
  24 deep trolls
  8 swamp dragons
  13 deep elf archers
  An infernal demonspawn (Depths:3)
  A spectral hydra (Depths:4)
  2 torturous demonspawn
  7 wizards
  7 phantasmal warriors
  Pikel (D:7)
  A harpy (Vaults:2)
  A lindwurm (Lair:2)
  An orb spider (shapeshifter) (Vaults:1)
  17 ironbrand convokers
  43 wolf spiders
  2 orange crystal statues (Depths:4)
  17 orc knights
  8 necromancers
  3 orc sorcerers
  58 deep elf magi
  A human zombie (Vaults:1)
  3 mana vipers (Depths:4)
  A manticore (shapeshifter) (Vaults:2)
  An oklob plant (Gauntlet)
  57 ugly things
  9 cyclopes
  A wolf spider zombie (D:14)
  22 orb spiders
  A manticore (D:15)
  33 moths of wrath
  5 salamanders
  14 elephants (Lair:6)
  An elephant (shapeshifter) (Vaults:4)
  2 guardian serpents
  A black mamba (shapeshifter) (Vaults:1)
  A guardian serpent (shapeshifter) (Depths:4)
  A rust devil (Depths:2)
  An eye of devastation (Spider:4)
  A gargoyle (D:12)
  3 torpor snails
  2 smoke demons (Abyss:5)
  3 black mambas
  Psyche (D:9)
  An orange demon (Depths:1)
  23 spiny frogs
  11 vault sentinels
  A torpor snail (shapeshifter) (Vaults:4)
  3 rime drakes
  A spiny frog (shapeshifter) (Depths:4)
  A hellion (Zot:4)
  5 komodo dragons
  4 freezing wraiths
  A komodo dragon (shapeshifter) (Depths:1)
  A hellwing (Depths:3)
  An efreet (Zot:4)
  2 ice devils (Depths:3)
  An entropy weaver simulacrum (Vaults:2)
  50 yaktaurs
  3 spectral merfolk (Depths:4)
  12 demonic crawlers
  8 trolls
  A meliai (Lair:4)
  3 tengu conjurers
  37 jumping spiders
  A red devil (Depths:1)
  2 meliai (shapeshifter)
  19 raiju
  12 tyrant leeches
  16 hornets
  12 slime creatures
  A hornet (shapeshifter) (Lair:3)
  43 blink frogs
  8 hippogriffs
  9 bog bodies
  2 frost giant simulacra
  8 dream sheep
  2 hippogriffs (shapeshifter)
  A spectral black mamba (Gauntlet)
  5 shadows
  12 spriggans
  17 wraiths
  A redback (shapeshifter) (D:14)
  5 water elementals
  4 wyverns
  5 flying skulls (Abyss:5)
  5 vampires
  89 redbacks
  27 yaks
  2 spriggans (shapeshifter)
  4 air elementals
  2 ynoxinuls
  2 fire elementals (Zot:4)
  A yak (shapeshifter) (Abyss:5)
  43 tarantellas
  A fire bat (D:9)
  9 chaos spawn
  2 neqoxecs (Abyss:5)
  A steam dragon (Lair:2)
  2 hungry ghosts
  2 basilisks
  6 two-headed ogre zombies (WizLab)
  A human simulacrum (Vaults:2)
  22 vampire mosquitoes
  3 spatial vortices
  4 soldier ants
  16 wargs
  25 insubstantial wisps
  Menkaure (D:7)
  4 acid dragons
  A spectral spriggan (Depths:4)
  15 swamp worms
  2 hydra simulacra (Depths:4)
  12 water moccasins
  A floating eye (shapeshifter) (Orc:2)
  6 hell hounds
  3 spectral trolls (Depths:4)
  A floating eye (Depths:4)
  13 porcupines
  38 orc warriors
  15 swamp drakes
  2 eyes of draining
  3 ice beasts
  A black bear (D:7)
  2 sky beasts
  2 snapping turtle zombies (Depths:4)
  An eye of draining (shapeshifter) (Zot:2)
  A necrophage (D:10)
  25 ogres
  A hornet zombie (D:14)
  16 wolves
  2 phantoms
  21 boggarts
  15 crocodiles
  A crocodile (shapeshifter) (Vaults:4)
  19 centaurs
  The ghost of Slothtographer the Charlatan, an amateur TeAr (D:4)
  3 big kobolds
  A wyvern zombie (D:14)
  28 bullfrogs
  3 earth elementals
  2 water moccasin skeletons
  2 spectral ogres (Depths:4)
  11 killer bees (D:10)
  2 scorpions
  5 troll zombies (WizLab)
  2 spectral nagas (Depths:4)
  15 wights
  4 electric eels
  9 crimson imps
  7 howler monkeys
  4 spectral centaurs (Depths:4)
  A bullfrog zombie (D:8)
  A quasit (D:5)
  2 centaur zombies
  3 bullfrog skeletons
  7 jellies
  23 orc priests
  7 centaur skeletons
  7 hounds
  An iron imp (Depths:3)
  23 orc wizards
  4 iguanas
  A hell rat (Lair:6)
  Natasha (twice) (D:4)
  18 worker ants
  7 ogre zombies (WizLab)
  A hound skeleton (D:11)
  A hound zombie (D:7)
  4 gnolls (D:9)
  10 adders
  6 river rats
  7 shadow imps
  3 white imps (Depths:3)
  16 oozes
  An ufetubus (Depths:3)
  6 worms
  3 dart slugs (D:1)
  2 leopard geckos
  91 orcs
  7 giant cockroaches
  4 goblins
  9 hobgoblins
  11 jackals
  11 kobolds
  5 quokkas
  3 ball pythons
  12 bats
  A frilled lizard (D:2)
  A leopard gecko skeleton (D:6)
  A quokka skeleton (D:6)
  A quokka zombie (D:5)
  20 rats
  2 crawling corpses (Vaults:5)
  A fire vortex (D:14)
  2 fungi (Depths:4)
  3 plants
  2 spectral weapons
  2 starspawn tentacles (Abyss:5)
  A withered plant (Gauntlet)
2437 creatures vanquished.

Vanquished Creatures (collateral kills)
  3 ancient liches (Zot:5)
  A shard shrike (Depths:2)
  3 Killer Klowns
  A curse toe (Zot:5)
  4 golden dragons
  Arachne (Spider:2)
  A bone dragon (Abyss:5)
  2 liches
  2 electric golems
  2 tentacled monstrosities
  A quicksilver dragon (Zot:5)
  4 Orb Guardians (Zot:5)
  An ancient champion (Vaults:2)
  A shadow dragon (Depths:4)
  A frost giant (Depths:2)
  A tengu reaver (Depths:2)
  A draconian scorcher (Zot:2)
  A ghost moth (Spider:4)
  2 deep elf sorcerers (Elf:3)
  5 vault wardens
  3 draconian shifters
  3 ironheart preservers
  A very ugly thing (Vaults:4)
  2 draconian annihilators (Zot:2)
  2 stone giants
  2 deep elf annihilators (Elf:3)
  A black draconian (Depths:5)
  A deep elf demonologist (Elf:3)
  A spark wasp (Spider:4)
  A red draconian (Zot:5)
  3 fire dragons
  6 deep elf high priests
  A hydra (Lair:2)
  A rakshasa (Depths:4)
  A death knight (Vaults:3)
  2 shambling mangroves (Swamp:4)
  3 dancing weapons (Elf:2)
  A two-headed ogre (Vaults:1)
  A thrashing horror (Zot:5)
  A spriggan berserker (Depths:2)
  2 deep elf knights (Vaults:3)
  An iron troll (Depths:2)
  A glowing orange brain (Depths:5)
  2 swamp dragons
  A deep elf archer (Elf:3)
  2 ironbrand convokers (Vaults:1)
  2 orc knights
  3 wolf spiders
  An ugly thing (Depths:2)
  7 deep elf magi
  An orc sorcerer (Orc:2)
  2 moths of wrath
  9 spiny frogs
  2 hellions
  A komodo dragon (Lair:6)
  3 yaktaurs
  A troll (Orc:2)
  3 tyrant leeches
  A blink frog (Swamp:4)
  5 dream sheep (Lair:6)
  2 spriggans (Lair:1)
  A wyvern (shapeshifter) (Vaults:2)
  3 vampire mosquitoes (Lair:6)
  A chaos spawn (Abyss:5)
  3 swamp worms
  An acid dragon (Vaults:1)
  2 swamp drakes (Swamp:4)
  7 orc warriors (Orc:2)
  A human zombie (Vaults:1)
  An ogre (Elf:1)
  2 crocodiles (Lair:2)
  3 bullfrogs (Lair:6)
  An orc simulacrum (Vaults:1)
  2 wights (D:6)
  4 orc priests (Orc:2)
  4 orc wizards (Orc:2)
  5 orcs
  A bat (D:9)
  2 fungi (Lair:6)
  2 plants
173 creatures vanquished.

Vanquished Creatures (others)
  A fire giant (Vaults:2)
  A draconian knight (Zot:2)
  A draconian stormcaller (Zot:2)
  A red draconian (Zot:2)
  A vault guard (D:13)
  A hydra (Lair:2)
  8 dancing weapons
  A spriggan berserker (Depths:2)
  A deep troll (Depths:2)
  A swamp dragon (Swamp:4)
  A deep elf archer (Vaults:3)
  2 deep elf magi
  An ugly thing (Vaults:2)
  An orc knight (Orc:2)
  An orc sorcerer (Orc:1)
  An elephant (Lair:6)
  A komodo dragon (Lair:2)
  2 yaktaurs
  A troll (Orc:2)
  A jumping spider (Spider:4)
  2 hornets
  A blink frog (Lair:1)
  4 dream sheep (Lair:3)
  A spriggan (shapeshifter) (Orc:2)
  A shadow (D:14)
  2 spriggans
  A chaos spawn (Depths:1)
  A vampire mosquito (Swamp:4)
  2 swamp worms
  A hell hound (Depths:4)
  A water moccasin (D:10)
  A porcupine (Lair:2)
  3 orc warriors
  An eye of draining (D:12)
  An ogre (Orc:1)
  A wight (Depths:4)
  2 orc priests
  2 orc wizards (Orc:2)
  An adder (D:5)
  6 orcs
  3 briar patches (Swamp:4)
  23 fungi
  60 plants
  39 spectral weapons
  7 starspawn tentacles (Abyss:5)
  18 withered plants (Gauntlet)
214 creatures vanquished.

Grand Total: 2824 creatures vanquished

Notes
Turn   | Place    | Note
-------+----------+-------------------------------------------
     0 | D:1      | Jannitor the Ogre Chaos Knight began the quest for the Orb.
     0 | D:1      | Reached XP level 1. HP: 24/24 MP: 1/1
    67 | D:1      | XOM: harmless Hex miscast
    90 | D:1      | Reached XP level 2. HP: 30/32 MP: 2/2
   328 | D:1      | XOM: harmless Hex miscast
   329 | D:1      | XOM: divination: magic mapping
   697 | D:1      | Reached XP level 3. HP: 40/40 MP: 3/3
   730 | D:1      | XOM: mild Hex miscast
   789 | D:1      | XOM: god gift: scroll labeled FAL OSCHEMICABB {god gift}
   952 | D:2      | XOM: confusion (+ monsters)
   962 | D:2      | XOM is BORED!
   962 | D:2      | XOM: chaos upgrade
   972 | D:2      | Found a blossoming altar of Fedhas.
   972 | D:2      | XOM: 2-stop teleportation journey
  1323 | D:2      | Reached skill level 5 in Fighting
  1323 | D:2      | Reached XP level 4. HP: 42/50 MP: 4/4
  1415 | D:2      | XOM: give mutations
  1415 | D:2      | Gained mutation: Your natural rate of healing is unusually
                  | fast. [Xom's grace]
  1415 | D:2      | Gained mutation: You are somewhat resistant to further
                  | mutation. [Xom's grace]
  1415 | D:2      | Gained mutation: Your system is resistant to poisons.
                  | (rPois) [Xom's grace]
  1415 | D:2      | Gained mutation: You are robust. (+10% HP) [Xom's grace]
  1474 | D:2      | XOM: give mutations
  1474 | D:2      | Gained mutation: You have a pair of small horns on your
                  | head. [Xom's grace]
  1474 | D:2      | Gained mutation: Your muscles are strong. (Str +2) [Xom's
                  | grace]
  1474 | D:2      | Gained mutation: You have a pair of horns on your head.
                  | [Xom's grace]
  1627 | D:2      | XOM: harmless Hex miscast
  1721 | D:3      | XOM: harmless Fire miscast
  1736 | D:3      | XOM: potion effect (invisibility)
  1741 | D:3      | Reached XP level 5. HP: 60/62 MP: 5/5
  1874 | D:3      | Found an ancient bone altar of Kikubaaqudgha.
  2028 | D:3      | XOM: harmless Necr miscast
  2237 | D:4      | Noticed Natasha
  2242 | D:4      | XOM: potion effect (agility)
  2248 | D:4      | Killed Natasha
  2248 | D:4      | Reached XP level 6. HP: 73/73 MP: 6/6
  2251 | D:4      | Noticed Natasha
  2276 | D:4      | Killed Natasha
  2276 | D:4      | Reached skill level 6 in Fighting
  2325 | D:4      | XOM: enchant monster (good)
  2350 | D:4      | XOM: polymorph orc wizard -> hound
  2359 | D:4      | XOM: confusion (+ monsters)
  2448 | D:4      | XOM: mild Chrm miscast
  2468 | D:4      | Noticed Natasha
  2473 | D:4      | Banished Natasha
  2531 | D:4      | XOM: enchant monster (bad)
  2543 | D:4      | Reached skill level 5 in Polearms
  2543 | D:4      | Reached XP level 7. HP: 83/83 MP: 7/7
  2563 | D:4      | Found a sacrificial altar of Ru.
  2628 | D:4      | Found a glowing golden altar of the Shining One.
  2628 | D:4      | Found a radiant altar of Vehumet.
  2629 | D:4      | Found an opulent altar of Gozag.
  2703 | D:4      | Found an ornate altar of the Wu Jian Council.
  2758 | D:4      | Found a runed translucent door.
  2760 | D:4      | Noticed Slothtographer's ghost (amateur TeAr)
  2828 | D:4      | Reached skill level 7 in Fighting
  2982 | D:4      | Got a warped pewter ring
  2983 | D:4      | Identified the ring of Havaroes {rN+ Dex+5 SInv} (You found
                  | it on level 4 of the Dungeon)
  3039 | D:5      | Entered Level 5 of the Dungeon
  3087 | D:5      | Found a staircase to the Ecumenical Temple.
  3096 | D:5      | XOM: polymorph crimson imp -> quasit
  3331 | D:5      | Got a bloodstained large shield
  3336 | D:5      | XOM: mild Fire miscast
  3338 | D:5      | Identified the +8 large shield of Cunt {rPois rF+ rN++
                  | Slay-2} (You found it on level 5 of the Dungeon)
  3510 | D:5      | XOM: noise
  3526 | D:5      | Reached skill level 1 in Shields
  3563 | D:5      | Found Nuraxtev's Gadget Emporium.
  3862 | D:6      | Found a shadowy altar of Dithmenos.
  3870 | D:6      | XOM: confusion
  3871 | D:6      | Lost mutation: Your system is resistant to poisons. (rPois)
                  | [potion of mutation]
  3871 | D:6      | Lost mutation: Your natural rate of healing is unusually
                  | fast. [potion of mutation]
  3871 | D:6      | Gained mutation: You possess an exceptional clarity of
                  | mind. [potion of mutation]
  3880 | D:6      | XOM: give mutation
  3880 | D:6      | Lost mutation: Your muscles are strong. (Str +2) [Xom's
                  | mischief]
  3890 | D:6      | Reached XP level 8. HP: 71/95 MP: 8/8
  4001 | D:6      | Reached skill level 5 in Dodging
  4022 | D:6      | XOM: harmless Hex miscast
  4028 | D:6      | XOM: blink monster(s)
  4042 | D:6      | Reached skill level 8 in Fighting
  4194 | D:6      | XOM: cast spell 'Summon Ice Beast'
  4299 | D:6      | XOM: noise
  4340 | D:6      | XOM: destruction
  4436 | D:6      | XOM: divination: detect creatures
  4750 | D:6      | XOM: cloud trail
  4759 | D:6      | XOM: divination: detect items
  4789 | D:7      | XOM: mild Erth miscast
  4819 | D:7      | XOM: divination: detect creatures
  4876 | D:7      | Reached XP level 9. HP: 91/106 MP: 9/9
  4886 | D:7      | Reached skill level 9 in Fighting
  4930 | D:7      | XOM: divination: detect items
  4943 | D:7      | XOM: silly message
  4984 | D:7      | Found a shimmering altar of Xom.
  5030 | D:7      | Found a runed translucent door.
  5031 | D:7      | Noticed Crazy Yiuf
  5057 | D:7      | Noticed Pikel
  5081 | D:7      | Killed Pikel
  5090 | D:7      | XOM: divination: detect items
  5096 | D:7      | Noticed Menkaure
  5104 | D:7      | Killed Menkaure
  5277 | D:7      | Found a white marble altar of Elyvilon.
  5531 | D:8      | XOM: cleaving
  5599 | D:8      | XOM: 3-stop teleportation journey
  5701 | D:8      | XOM: 1-stop teleportation journey
  5705 | D:8      | Reached skill level 10 in Fighting
  5709 | D:8      | XOM: swap monsters
  5712 | D:8      | Noticed a three-headed hydra
  5713 | D:8      | XOM: swap monsters
  5749 | D:7      | XOM: give mutations
  5749 | D:7      | Lost mutation: You are somewhat resistant to further
                  | mutation. [Xom's mischief]
  5805 | D:8      | Reached skill level 5 in Shields
  5805 | D:8      | Reached XP level 10. HP: 114/121 MP: 10/10
  5868 | D:8      | XOM: enchant monster (good)
  6101 | D:8      | XOM: noise
  6176 | D:8      | Found a staircase to the Lair.
  6189 | D:8      | Learned a level 1 spell: Animate Skeleton
  6277 | D:8      | XOM: divination: magic mapping
  6365 | D:8      | Found a glowing silver altar of Zin.
  6687 | D:9      | Identified Uplapam's Reference Book on Attacks and Moulding
  6689 | D:9      | Found a transporter.
  6692 | D:9      | Noticed a cyclops
  6695 | D:9      | Noticed puimuR's ghost (novice DDIE)
  6703 | D:9      | Found a transporter.
  6762 | D:9      | XOM: medium Air miscast
  6783 | D:9      | Noticed Psyche
  6786 | D:9      | XOM: fog
  6799 | D:9      | Killed Psyche
  6799 | D:9      | Reached skill level 1 in Necromancy
  7000 | D:9      | Found a runed translucent door.
  7054 | D:9      | Found a burning altar of Makhleb.
  7054 | D:9      | Noticed Gastronok
  7058 | D:9      | XOM: scenery: 1 doors open, 1 doors close
  7070 | D:9      | Noticed Gastronok
  7070 | D:9      | Gastronok changed into Gastronok the iron giant
  7073 | D:9      | Reached skill level 12 in Fighting
  7073 | D:9      | Reached XP level 11. HP: 135/135 MP: 11/11
  7073 | D:9      | XOM: summons friendly crimson imp
  7078 | D:9      | XOM: cast spell 'Summon Butterflies'
  7107 | D:9      | XOM: summons friendly iron imp
  7286 | Lair:1   | Entered Level 1 of the Lair of Beasts
  7288 | Lair:1   | XOM: destruction
  7289 | Lair:1   | XOM: divination: magic mapping
  7290 | Lair:1   | Noticed a five-headed hydra
  7291 | Lair:1   | XOM: destruction
  7312 | D:8      | XOM: give mutations
  7312 | D:8      | Gained mutation: You have sharp toenails. [Xom's grace]
  7312 | D:8      | Gained mutation: You are very robust. (+20% HP) [Xom's
                  | grace]
  7317 | D:8      | Killed a five-headed hydra
  7507 | Lair:1   | Noticed a five-headed hydra
  7553 | Lair:1   | Killed a five-headed hydra
  7553 | Lair:1   | Reached skill level 10 in Polearms
  7583 | Lair:1   | Learned a level 3 spell: Spectral Weapon
  7637 | Lair:1   | XOM: cloud trail
  7671 | Lair:1   | XOM: swap monsters
  7689 | Lair:1   | XOM: 1-stop teleportation journey
  7808 | Lair:1   | XOM: enchant monster (good)
  7811 | Lair:1   | Reached skill level 1 in Spellcasting
  7811 | Lair:1   | Reached skill level 1 in Charms
  7846 | Lair:1   | Reached XP level 12. HP: 156/159 MP: 13/13
  7879 | Lair:1   | Reached skill level 1 in Hexes
  8049 | Lair:1   | XOM: 1-stop teleportation journey
  8124 | Lair:1   | XOM: cloud trail
  8156 | Lair:1   | XOM: smoke on damage
  8173 | Lair:1   | XOM: destruction
  8217 | Lair:1   | XOM: polymorph blink frog -> wyvern
  8457 | Lair:2   | XOM: cast spell 'Dispersal'
  8582 | Lair:2   | XOM: polymorph crocodile -> steam dragon
  8627 | Lair:2   | Reached skill level 13 in Fighting
  8954 | Lair:2   | Noticed a seven-headed hydra
  8957 | Lair:2   | XOM: fog
  8961 | Lair:2   | Banished a seven-headed hydra
  8992 | Lair:2   | XOM: divine lightning
  9012 | Lair:2   | XOM: give mutations
  9012 | Lair:2   | Gained mutation: You are somewhat resistant to further
                  | mutation. [Xom's grace]
  9012 | Lair:2   | Gained mutation: You have supernaturally acute eyesight.
                  | (SInv) [Xom's grace]
  9012 | Lair:2   | Gained mutation: You have razor-sharp toenails. [Xom's
                  | grace]
  9204 | Lair:2   | XOM: scenery: create altars
  9375 | Lair:2   | XOM: cast spell 'Chain of Chaos'
  9386 | Lair:2   | XOM: scenery: 5 doors close
  9390 | Lair:2   | XOM: cleaving
  9459 | Lair:2   | XOM: scenery: 2 doors close
  9466 | Lair:2   | XOM: summons friendly iron imp
  9472 | Lair:2   | XOM: enchant monster (good)
  9489 | Lair:2   | XOM: summons 5 friendly demons
  9589 | Lair:2   | Learned a level 3 spell: Regeneration
  9624 | Lair:2   | Noticed a seven-headed hydra
  9628 | Lair:2   | XOM: enchant monster (good)
  9630 | Lair:2   | XOM: scenery: create altars
  9635 | Lair:2   | Killed a seven-headed hydra
  9783 | Lair:2   | XOM: enchant monster (bad)
  9912 | Lair:2   | XOM: cast spell 'Summon Hydra'
  9943 | Lair:2   | Noticed a queen ant
  9947 | Lair:2   | XOM: enchant monster (bad)
  9962 | Lair:2   | Killed a queen ant
  9962 | Lair:2   | Reached XP level 13. HP: 111/172 MP: 19/19
 10330 | Lair:3   | XOM: mild Ice miscast
 10353 | Lair:3   | XOM: 1-stop teleportation journey
 10363 | Lair:3   | XOM: divine lightning
 10409 | Lair:3   | XOM: 4-stop teleportation journey
 10473 | Lair:3   | Found a runed translucent door.
 10489 | Lair:3   | XOM: 1-stop teleportation journey
 10527 | Lair:3   | XOM: medium Erth miscast
 10896 | Lair:3   | XOM: harmless Summ miscast
 10928 | Lair:3   | Found a hole to the Spider Nest.
 11088 | Lair:3   | XOM: stat loss: -1 Str (18/19)
 11283 | Lair:4   | XOM: enchant monster (bad)
 11328 | Lair:4   | XOM: potion effect (haste)
 11335 | Lair:4   | XOM: harmless Pois miscast
 11336 | Lair:4   | XOM: polymorph yak -> guardian serpent
 11654 | Lair:4   | XOM: blink monster(s)
 11675 | Lair:4   | XOM: polymorph blink frog -> eye of draining
 11678 | Lair:4   | XOM: enchant monster (good)
 11812 | Lair:4   | Found a staircase to the Swamp.
 11816 | Lair:4   | XOM: divination: detect items
 11911 | Lair:4   | XOM: potion effect (brilliance)
 11925 | Lair:4   | XOM: enchant monster (good)
 11958 | Lair:4   | XOM: smoke on damage
 12156 | Lair:5   | XOM: mild Erth miscast
 12254 | Lair:5   | XOM: potion effect (brilliance)
 12260 | Lair:5   | Reached skill level 5 in Spellcasting
 12318 | Lair:5   | XOM: harmless Erth miscast
 12381 | Lair:5   | XOM: divination: detect items
 12566 | Lair:5   | XOM: harmless Chrm miscast
 12877 | Lair:6   | Entered Level 6 of the Lair of Beasts
 12878 | Lair:6   | XOM: silly message
 12900 | Lair:6   | XOM: cast spell 'Summon Ice Beast'
 12900 | Lair:6   | Reached skill level 10 in Shields
 13031 | Lair:6   | XOM: harmless Summ miscast
 13073 | Lair:6   | XOM: potion effect (invisibility)
 13106 | Lair:6   | Reached skill level 14 in Fighting
 13129 | Lair:6   | XOM: potion effect (might)
 13151 | Lair:6   | XOM: potion effect (berserk rage)
 13168 | Lair:6   | XOM: potion effect (experience)
 13168 | Lair:6   | Reached XP level 14. HP: 187/187 MP: 22/22
 13253 | Lair:6   | XOM: potion effect (haste)
 13256 | Lair:6   | Noticed an entropy weaver
 13256 | Lair:6   | a four-headed hydra changed into an entropy weaver
 13256 | Lair:6   | XOM: polymorph four-headed hydra -> entropy weaver
 13275 | Lair:6   | Killed an entropy weaver
 13304 | Lair:6   | Found a gate leading to a gauntlet.
 13313 | Gauntlet | Entered a Gauntlet
 13313 | Gauntlet | Found a transporter.
 13323 | Gauntlet | Found a transporter.
 13338 | Gauntlet | Found a transporter.
 13343 | Gauntlet | Found a transporter.
 13360 | Gauntlet | Found a transporter.
 13375 | Gauntlet | Found a transporter.
 13390 | Gauntlet | Found a transporter.
 13396 | Gauntlet | Found a transporter.
 13411 | Gauntlet | Found a transporter.
 13423 | Gauntlet | Found a transporter.
 13423 | Gauntlet | Noticed a reaper
 13431 | Gauntlet | Found a large runed translucent door.
 13432 | Gauntlet | Found a large runed translucent door.
 13433 | Gauntlet | Found a large runed translucent door.
 13433 | Gauntlet | Found a large runed translucent door.
 13434 | Gauntlet | Found a runed translucent gate.
 13435 | Gauntlet | Found a runed translucent gate.
 13436 | Gauntlet | Found a runed translucent gate.
 13437 | Gauntlet | Found a large runed translucent door.
 13437 | Gauntlet | Found a large runed translucent door.
 13438 | Gauntlet | Found a large runed translucent door.
 13439 | Gauntlet | Found a large runed translucent door.
 13448 | Gauntlet | Found a large runed translucent door.
 13448 | Gauntlet | Found a large runed translucent door.
 13448 | Gauntlet | Found a runed translucent door.
 13448 | Gauntlet | Found a runed translucent door.
 13449 | Gauntlet | Found a large runed translucent door.
 13450 | Gauntlet | Found a large runed translucent door.
 13452 | Gauntlet | Found a transporter.
 13460 | Gauntlet | Found a large runed translucent door.
 13460 | Gauntlet | Found a large runed translucent door.
 13461 | Gauntlet | Found a large runed translucent door.
 13462 | Gauntlet | Found a large runed translucent door.
 13470 | Gauntlet | Found a transporter.
 13472 | Gauntlet | Found a transporter.
 13499 | Gauntlet | Found a transporter.
 13543 | Gauntlet | Found a transporter.
 13545 | Gauntlet | Found a transporter.
 13583 | Gauntlet | XOM: confuse monster(s)
 13606 | Gauntlet | Found a transporter.
 13679 | Gauntlet | Learned a level 1 spell: Confusing Touch
 13685 | Gauntlet | Learned a level 5 spell: Summon Mana Viper
 13715 | Gauntlet | XOM: harmless Chrm miscast
 13760 | Gauntlet | Got a scorched hat
 13766 | Gauntlet | Identified the +5 hat of Purpose {MR+} (You found it in a
                  | Gauntlet)
 13770 | Gauntlet | XOM: harmless Tmut miscast
 13806 | Gauntlet | Identified the +11 long sword "Beetlebane" {freeze, +Fly
                  | rElec MP+9 Int-5}
 13825 | Gauntlet | Reached XP level 15. HP: 181/195 MP: 16/24
 13894 | Lair:6   | Reached skill level 5 in Hexes
 13894 | Lair:6   | Reached skill level 1 in Summonings
 13910 | Lair:6   | Reached skill level 1 in Armour
 14037 | Lair:6   | Found a viscous altar of Jiyva.
 14040 | Lair:6   | Found a staircase to the Slime Pits.
 14049 | Lair:6   | XOM: noise
 14067 | Lair:6   | XOM: blink monster(s)
 14069 | Lair:6   | XOM: enchant monster (good)
 14321 | Lair:6   | XOM: harmless Pois miscast
 14352 | Lair:6   | XOM: potion effect (might)
 14372 | Lair:6   | XOM: enchant monster (bad)
 14377 | Lair:6   | XOM: medium Summ miscast
 14417 | Lair:6   | XOM: summons friendly white imp
 14459 | Lair:6   | Got a crude jade ring
 14460 | Lair:6   | Identified the ring of Goossyx {rPois rC- MP+9 Str+8 Dex-5}
                  | (You found it on level 6 of the Lair of Beasts)
 14627 | Lair:6   | XOM: give mutations
 14627 | Lair:6   | Gained mutation: Your body sometimes deteriorates upon
                  | taking damage. [Xom's mischief]
 14627 | Lair:6   | Gained mutation: You are weak. (Str -2) [Xom's mischief]
 14627 | Lair:6   | Lost mutation: You have razor-sharp toenails. [Xom's
                  | mischief]
 15066 | Lair:6   | XOM: scenery: create altars
 15069 | Lair:6   | XOM: summons 14 friendly demons
 15452 | D:9      | XOM: summons 3 hostile shadow creatures
 15508 | D:10     | Entered Level 10 of the Dungeon
 15540 | D:10     | XOM: enchant monster (good)
 15830 | D:10     | XOM: summons 3 hostile shadow creatures
 15904 | D:10     | XOM: summons 3 hostile demons
 15942 | D:10     | XOM: harmless Summ miscast
 16239 | D:11     | XOM: harmless Conj miscast
 16245 | D:11     | XOM: swap monsters
 16251 | D:11     | XOM: polymorph yak -> hippogriff
 16290 | D:11     | XOM: torment (130/198 hp)
 16587 | D:11     | Found a staircase to the Orcish Mines.
 16599 | D:11     | XOM: medium Ice miscast
 16696 | D:11     | XOM: polymorph unseen horror -> shapeshifter
 16784 | D:11     | XOM: enchant monster (good)
 16804 | D:11     | XOM: blink monster(s)
 16835 | D:11     | Found a stormy altar of Qazlal.
 16931 | D:11     | XOM: give mutations
 16931 | D:11     | Lost mutation: Your body sometimes deteriorates upon taking
                  | damage. [Xom's mischief]
 16931 | D:11     | Lost mutation: You are weak. (Str -2) [Xom's mischief]
 16949 | D:11     | XOM: medium Ice miscast
 17002 | Orc:1    | Entered Level 1 of the Orcish Mines
 17004 | Orc:1    | Found Naoxoc's Book Emporium.
 17031 | Orc:1    | Learned a level 8 spell: Necromutation
 17039 | Orc:1    | Learned a level 7 spell: Haunt
 17353 | Orc:2    | Entered Level 2 of the Orcish Mines
 17365 | Orc:2    | XOM: potion effect (heal wounds)
 17378 | Orc:2    | XOM: enchant monster (bad)
 17570 | Orc:1    | XOM: noise
 17599 | Orc:1    | Found a roughly hewn altar of Beogh.
 17641 | Orc:1    | Found a transporter.
 17643 | Orc:1    | Found a transporter.
 17751 | Orc:1    | XOM: give mutations
 17751 | Orc:1    | Gained mutation: You are partially covered in molten
                  | scales. (AC +2) [Xom's grace]
 17751 | Orc:1    | Gained mutation: You are extremely robust. (+30% HP) [Xom's
                  | grace]
 17751 | Orc:1    | Gained mutation: You can translocate small distances at
                  | will. [Xom's grace]
 17989 | Orc:2    | Found a staircase to the Elven Halls.
 17998 | Orc:2    | Found a roughly hewn altar of Beogh.
 18119 | Orc:2    | XOM: blink monster(s)
 18124 | Orc:2    | XOM: harmless Erth miscast
 18130 | Orc:2    | XOM: mild Tmut miscast
 18147 | Orc:2    | XOM: fog
 18171 | Orc:2    | XOM: chaos upgrade
 18173 | Orc:2    | XOM: enchant monster (bad)
 18179 | Orc:2    | XOM: summons 2 hostile shadow creatures
 18199 | Orc:2    | XOM: divine lightning
 18310 | Orc:2    | XOM: give mutation
 18310 | Orc:2    | Gained mutation: Your muscles are strong. (Str +2) [Xom's
                  | grace]
 18480 | Orc:2    | XOM: summons 2 friendly demons
 18500 | Orc:2    | XOM: cloud trail
 18508 | Orc:2    | Found Wedenwusko's Antique Armour Shop.
 18508 | Orc:2    | Found Didoileaq's Book Emporium.
 18510 | Orc:2    | Found Lyraz's Weapon Shop.
 18510 | Orc:2    | Found Icerud's Weapon Emporium.
 18519 | Orc:2    | Bought the +7 trident of Iconoclasm {elec, *Drain rPois
                  | rN+} for 749 gold pieces
 18762 | D:11     | XOM: cloud trail
 18795 | D:12     | XOM: cast spell 'Summon Butterflies'
 18849 | D:12     | XOM: summons friendly ufetubus
 18979 | D:12     | XOM: summons friendly ufetubus
 19067 | D:12     | XOM: scenery: create altars
 19174 | D:12     | Reached XP level 16. HP: 226/226 MP: 27/27
 19233 | D:12     | XOM: mild Ice miscast
 19390 | D:12     | XOM: god gift: scale mail {god gift}
 19409 | D:12     | XOM: summons 4 hostile shadow creatures
 19423 | D:12     | XOM: god gift: potion of mutation
 19443 | D:12     | XOM: noise
 19616 | D:13     | XOM: scenery: create altars
 19748 | D:13     | XOM: swap monsters
 19796 | D:13     | Reached skill level 15 in Fighting
 19971 | D:13     | XOM: medium Chrm miscast
 20187 | D:13     | Noticed Erolcha
 20192 | D:13     | Killed Erolcha
 20196 | D:13     | XOM: enchant monster (good)
 20243 | D:13     | Found a gate to the Vaults.
 20263 | D:13     | XOM: severe Ice miscast
 20500 | D:14     | XOM: enchant monster (bad)
 20501 | D:14     | Reached skill level 5 in Necromancy
 20589 | D:13     | XOM: harmless Summ miscast
 20730 | D:14     | XOM: divination: magic mapping
 20740 | D:14     | XOM: harmless Fire miscast
 20786 | D:14     | XOM: noise
 20800 | D:14     | XOM: 9-stop teleportation journey
 20923 | D:14     | XOM: mild Fire miscast
 20924 | D:14     | XOM: noise
 21010 | D:14     | Identified a scroll of acquirement
 21157 | D:15     | Entered Level 15 of the Dungeon
 21160 | D:15     | XOM: fake destruction
 21179 | D:15     | Found a runed translucent door.
 21182 | D:15     | Noticed a lich
 21184 | D:15     | Noticed Jussuw Iff's ghost (adept KoGl)
 21191 | D:15     | Found a runed translucent door.
 21203 | D:15     | Found a staircase to the Depths.
 21211 | D:15     | XOM: divination: magic mapping
 21376 | D:15     | XOM: fog
 21456 | D:15     | Noticed Josephine
 21463 | D:15     | XOM: scenery: create altars
 21467 | D:15     | Killed Josephine
 21480 | D:15     | Reached skill level 5 in Summonings
 21504 | D:15     | XOM: destruction
 21692 | D:15     | Found a portal to a secret trove of treasure.
 21932 | D:15     | Noticed an iron giant
 21932 | D:15     | an iron dragon changed into an iron giant
 21938 | D:15     | Noticed a caustic shrike
 21938 | D:15     | an iron giant changed into a caustic shrike
 21939 | D:15     | Noticed an acid blob
 21939 | D:15     | a caustic shrike changed into an acid blob
 21994 | D:14     | XOM: mild Conj miscast
 22028 | D:11     | XOM: scenery: create altars
 22148 | D:9      | Found a sacrificial altar of Ru.
 22148 | D:9      | Noticed Harold
 22157 | D:9      | Killed Harold
 22192 | D:9      | Found a sacrificial altar of Ru.
 22241 | D:9      | Found a shadowy altar of Dithmenos.
 22254 | D:9      | Found a shimmering altar of Xom.
 22304 | D:9      | Found a shattered altar of Ashenzari.
 22477 | D:9      | XOM: cleaving
 22493 | D:9      | Killed Gastronok the iron giant
 22740 | D:9      | XOM: scenery: create altars
 22752 | D:9      | Killed puimuR's ghost
 22771 | D:9      | XOM: god gift: 5 needles of confusion
 22992 | D:4      | Killed Slothtographer's ghost
 23017 | D:5      | XOM: harmless Tmut miscast
 23265 | Spider:1 | Entered Level 1 of the Spider Nest
 23265 | Spider:1 | Found a transporter.
 23265 | Spider:1 | Found a transporter.
 23265 | Spider:1 | Noticed Limed's ghost (journeyman DDFi)
 23265 | Spider:1 | Noticed Rupert
 23279 | Lair:3   | Killed Rupert
 23309 | Spider:1 | XOM: polymorph orb spider -> yak
 23311 | Lair:3   | XOM: give mutations
 23311 | Lair:3   | Lost mutation: You are extremely robust. (+30% HP) [Xom's
                  | mischief]
 23311 | Lair:3   | Lost mutation: Your muscles are strong. (Str +2) [Xom's
                  | mischief]
 23311 | Lair:3   | Lost mutation: You are very robust. (+20% HP) [Xom's
                  | mischief]
 23311 | Lair:3   | Lost mutation: You are somewhat resistant to further
                  | mutation. [Xom's mischief]
 23328 | Spider:1 | XOM: torment (107/193 hp)
 23355 | Spider:1 | Reached skill level 5 in Armour
 23361 | Spider:1 | Reached XP level 17. HP: 147/203 MP: 22/29
 23365 | Spider:1 | XOM: harmless Chrm miscast
 23379 | Spider:1 | XOM: stat loss: -1 Dex (12/13)
 23382 | Spider:1 | XOM: noise
 23393 | Spider:1 | XOM: potion effect (agility)
 23406 | Spider:1 | XOM: silly message
 23500 | Spider:1 | XOM: divination: detect creatures
 23542 | Spider:1 | Noticed Jorgrun
 23546 | Spider:1 | XOM: potion effect (haste)
 23554 | Spider:1 | Killed Jorgrun
 23733 | Spider:1 | XOM: harmless Necr miscast
 23773 | Spider:1 | XOM: harmless Tloc miscast
 23912 | Spider:1 | You fall through a shaft!
 23914 | Spider:2 | XOM: potion effect (invisibility)
 23916 | Spider:2 | XOM: god gift: thin runed staff {god gift}
 23921 | Spider:2 | XOM: 4-stop teleportation journey
 24076 | Spider:2 | XOM: harmless Tmut miscast
 24106 | Spider:2 | XOM: cast spell 'Call Canine Familiar'
 24135 | Spider:2 | XOM: blink monster(s)
 24287 | Spider:2 | XOM: mild Tmut miscast
 24346 | Spider:2 | Noticed Arachne
 24348 | Spider:2 | XOM: silly message
 24350 | Spider:2 | Reached skill level 16 in Fighting
 24354 | Spider:2 | XOM: divination: detect items
 24663 | Spider:2 | Killed Arachne
 24709 | Spider:2 | XOM: confuse monster(s)
 24825 | Spider:2 | XOM: 1-stop teleportation journey
 25020 | Spider:2 | XOM: swap monsters
 25337 | Spider:3 | XOM: 5-stop teleportation journey
 25342 | Spider:3 | XOM: summons 2 friendly demons
 25461 | Spider:3 | XOM: enchant monster (good)
 25570 | Spider:3 | XOM: scenery: create altars
 25769 | Spider:3 | XOM: medium Conj miscast
 25779 | Spider:3 | XOM: polymorph redback -> shock serpent
 26068 | Spider:3 | XOM: polymorph shock serpent -> slime creature
 26146 | Spider:4 | Entered Level 4 of the Spider Nest
 26150 | Spider:4 | XOM: medium Summ miscast
 26159 | Spider:3 | Reached skill level 10 in Spellcasting
 26370 | Spider:4 | XOM: chaos cloud
 26374 | Spider:4 | Reached XP level 18. HP: 168/216 MP: 0/32
 26635 | Spider:4 | XOM: 1-stop teleportation journey
 26706 | Spider:4 | XOM: give mutations
 26706 | Spider:4 | Gained mutation: You have an increased reservoir of magic.
                  | (+10% MP) [Xom's mischief]
 26706 | Spider:4 | Lost mutation: You have a pair of horns on your head.
                  | [Xom's mischief]
 26760 | Spider:4 | XOM: destruction
 26810 | Spider:4 | Reached skill level 15 in Shields
 26813 | Spider:4 | XOM: polymorph wolf spider -> eye of devastation
 26957 | Spider:4 | Found a transporter.
 26966 | Spider:4 | Noticed P0WERM0DE's ghost (journeyman DDFi)
 26981 | Spider:4 | Found a transporter.
 27128 | Spider:4 | XOM: 3-stop teleportation journey
 27149 | Spider:4 | XOM: summons 1 hostile demon
 27169 | Spider:4 | XOM: summons 7 friendly demons
 27175 | Spider:4 | XOM: 3-stop teleportation journey
 27245 | Spider:4 | XOM: harmless Necr miscast
 27271 | Spider:4 | Killed P0WERM0DE's ghost
 27548 | Spider:4 | XOM: scenery: create altars
 27641 | Spider:4 | XOM: confuse monster(s)
 27644 | Spider:4 | XOM: summons friendly ufetubus
 27646 | Spider:4 | XOM: potion effect (brilliance)
 27656 | Spider:4 | XOM: cast spell 'Summon Hydra'
 27669 | Spider:4 | XOM: divination: detect creatures
 27675 | Spider:4 | XOM: summons 3 friendly demons
 27707 | Spider:4 | XOM: summons 2 hostile shadow creatures
 27762 | Spider:4 | XOM: harmless Fire miscast
 27790 | Spider:4 | XOM: medium Tloc miscast
 27791 | Spider:4 | XOM: give mutations
 27791 | Spider:4 | Gained mutation: You have a pair of horns on your head.
                  | [Xom's grace]
 27791 | Spider:4 | Gained mutation: Your mind is acute. (Int +2) [Xom's grace]
 27791 | Spider:4 | Gained mutation: You are somewhat resistant to further
                  | mutation. [Xom's grace]
 28089 | Spider:4 | XOM: destruction
 28190 | Spider:4 | Got a gossamer rune of Zot
 28258 | Spider:4 | XOM: god gift: 24 gold pieces
 28303 | Spider:4 | XOM: god gift: 25 arrows
 28406 | Swamp:1  | Entered Level 1 of the Swamp
 28407 | Swamp:1  | XOM: summons friendly crimson imp
 28543 | Swamp:1  | Reached skill level 17 in Fighting
 28633 | Swamp:1  | XOM: medium Ice miscast
 28665 | Swamp:1  | XOM: give mutations
 28665 | Swamp:1  | Lost mutation: You are robust. (+10% HP) [Xom's mischief]
 28665 | Swamp:1  | Gained mutation: You are clumsy. (Dex -2) [Xom's mischief]
 28665 | Swamp:1  | Lost mutation: You have supernaturally acute eyesight.
                  | (SInv) [Xom's mischief]
 28665 | Swamp:1  | Gained mutation: Scrolls take you a little longer to read.
                  | [Xom's mischief]
 28665 | Swamp:1  | Lost mutation: Scrolls take you a little longer to read.
                  | [Xom's mischief]
 28713 | Swamp:1  | XOM: medium Tmut miscast
 28756 | Swamp:1  | XOM: swap monsters
 28803 | Swamp:1  | XOM: summons 9 hostile demons
 28836 | Swamp:1  | XOM: harmless Hex miscast
 28944 | Swamp:1  | XOM: summons 3 hostile shadow creatures
 28958 | Swamp:1  | XOM: polymorph seven-headed hydra -> shapeshifter
 28964 | Swamp:1  | XOM: 3-stop teleportation journey
 28968 | Swamp:1  | XOM: summons 7 friendly demons
 29208 | Swamp:1  | XOM: cloud trail
 29413 | Swamp:2  | Got a faintly glowing steel ring
 29415 | Swamp:2  | Identified the ring of Untruth {Str+4 Dex+7} (You found it
                  | on level 2 of the Swamp)
 29833 | Swamp:2  | XOM: polymorph spiny frog -> black mamba
 30083 | Swamp:3  | XOM: summons 2 friendly demons
 30090 | Swamp:3  | XOM: confuse monster(s)
 30092 | Swamp:3  | XOM: summons 9 friendly demons
 30105 | Swamp:3  | Reached XP level 19. HP: 199/209 MP: 37/37
 30193 | Swamp:3  | XOM: summons 2 hostile shadow creatures
 30233 | Swamp:3  | XOM: give mutations
 30233 | Swamp:3  | Gained mutation: Your mind is very acute. (Int +4) [Xom's
                  | grace]
 30233 | Swamp:3  | Gained mutation: You expend magic power (3 MP) to
                  | strengthen your wands. [Xom's grace]
 30312 | Swamp:3  | XOM: 3-stop teleportation journey
 30374 | Swamp:3  | Found a glowing golden altar of the Shining One.
 30393 | Swamp:3  | XOM: scenery: create altars
 30442 | Swamp:3  | XOM: mild Air miscast
 30575 | Swamp:3  | XOM: give mutations
 30575 | Swamp:3  | Lost mutation: You expend magic power (3 MP) to strengthen
                  | your wands. [Xom's mischief]
 30575 | Swamp:3  | Gained mutation: Scrolls take you a little longer to read.
                  | [Xom's mischief]
 30575 | Swamp:3  | Lost mutation: Scrolls take you a little longer to read.
                  | [Xom's mischief]
 30797 | Swamp:4  | Entered Level 4 of the Swamp
 30800 | Swamp:4  | XOM: harmless Summ miscast
 30814 | Swamp:4  | XOM: give mutation
 30814 | Swamp:4  | Gained mutation: You have a beak for a mouth. [Xom's
                  | mischief]
 30957 | Swamp:4  | XOM: swap monsters
 30966 | Swamp:4  | XOM: blink monster(s)
 30987 | Swamp:4  | XOM: chaos cloud
 31049 | Swamp:4  | XOM: cleaving
 31055 | Swamp:4  | XOM: polymorph thorn hunter -> shambling mangrove
 31286 | Swamp:4  | Got a decaying rune of Zot
 32226 | Vaults:1 | Entered Level 1 of the Vaults
 32230 | Vaults:1 | XOM: potion effect (might)
 32240 | Vaults:1 | XOM: swap monsters
 32406 | Orc:1    | XOM: scenery: create altars
 32416 | Orc:1    | XOM: divine lightning
 32420 | Orc:1    | XOM: noise
 32436 | Orc:1    | XOM: confuse monster(s)
 32461 | Orc:1    | XOM: scenery: create altars
 32658 | Vaults:1 | XOM: blink monster(s)
 32659 | Vaults:1 | XOM: enchant monster (bad)
 32757 | Vaults:1 | XOM: 1-stop teleportation journey
 32760 | Vaults:1 | XOM: cast spell 'Summon Horrible Things'
 32776 | Vaults:1 | XOM: scenery: create altars
 32857 | Vaults:1 | XOM: summons friendly quasit
 32980 | Vaults:1 | Reached skill level 18 in Fighting
 33188 | Vaults:1 | XOM: potion effect (berserk rage)
 33338 | Vaults:1 | XOM: summons friendly white imp
 33534 | Vaults:1 | XOM: 7-stop teleportation journey
 33753 | Vaults:1 | Reached skill level 10 in Necromancy
 33827 | Vaults:1 | Reached XP level 20. HP: 221/221 MP: 28/39
 33836 | Vaults:1 | XOM: destruction
 33883 | Vaults:1 | XOM: give mutations
 33883 | Vaults:1 | Lost mutation: You are clumsy. (Dex -2) [Xom's grace]
 33883 | Vaults:1 | Gained mutation: Your system is resistant to poisons.
                  | (rPois) [Xom's grace]
 33883 | Vaults:1 | Gained mutation: You have a somewhat thin skeletal
                  | structure. (Dex +2, Stealth) [Xom's grace]
 33995 | Vaults:1 | XOM: divination: detect items
 34030 | Vaults:2 | XOM: mild Pois miscast
 34039 | Vaults:2 | XOM: harmless Hex miscast
 34195 | Vaults:2 | XOM: swap monsters
 34244 | Vaults:2 | XOM: medium Erth miscast
 34293 | Vaults:2 | Found Porr's Antique Weapon Shoppe.
 34297 | Vaults:2 | XOM: summons 3 hostile demons
 34436 | Vaults:2 | Found Tijoqaujusch's Weapon Shoppe.
 34445 | Vaults:2 | XOM: cleaving
 34453 | Vaults:2 | XOM: divine lightning
 34467 | Vaults:2 | XOM: god gift: morningstar {god gift}
 34580 | Vaults:2 | XOM: god gift: 5 steel tomahawks
 34769 | Vaults:2 | XOM: cast spell 'Necromutation'
 34775 | Vaults:2 | XOM: god gift: wand of random effects (9)
 34787 | Vaults:2 | Found a staircase to the Crypt.
 34811 | Vaults:2 | XOM: fake destruction
 34826 | Vaults:2 | XOM: summons friendly quasit
 34886 | Vaults:2 | Reached skill level 10 in Summonings
 34909 | Vaults:2 | XOM: 2-stop teleportation journey
 35063 | Vaults:2 | XOM: scenery: 2 doors close
 35113 | Vaults:2 | XOM: scenery: create altars
 35118 | Vaults:2 | XOM: divine lightning
 35264 | Vaults:2 | XOM: potion effect (curing)
 35322 | Vaults:2 | XOM is BORED!
 35322 | Vaults:2 | XOM: give mutations
 35322 | Vaults:2 | Lost mutation: You have sharp toenails. [Xom's mischief]
 35322 | Vaults:2 | Lost mutation: Your system is resistant to poisons. (rPois)
                  | [Xom's mischief]
 35322 | Vaults:2 | Lost mutation: You can translocate small distances at will.
                  | [Xom's mischief]
 35322 | Vaults:2 | Lost mutation: You are partially covered in molten scales.
                  | (AC +2) [Xom's mischief]
 35564 | Vaults:2 | XOM: medium Summ miscast
 35569 | Vaults:2 | XOM: medium Summ miscast
 35737 | Vaults:2 | XOM: swap monsters
 35856 | Vaults:3 | XOM: stat loss: -1 Dex (21/22)
 35874 | Vaults:3 | XOM: summons 3 friendly demons
 35883 | Vaults:3 | XOM: enchant monster (bad)
 35889 | Vaults:3 | XOM: summons 2 friendly demons
 35891 | Vaults:3 | Reached skill level 19 in Fighting
 36105 | Vaults:3 | XOM: divine lightning
 36234 | Vaults:3 | XOM: summons 3 friendly demons
 36240 | Vaults:3 | XOM: fake destruction
 36262 | Vaults:3 | XOM: enchant monster (good)
 36277 | Vaults:3 | Reached XP level 21. HP: 186/234 MP: 40/40
 36281 | Vaults:3 | XOM: confuse monster(s)
 36309 | Vaults:3 | XOM: summons friendly crimson imp
 36313 | Vaults:3 | Reached skill level 10 in Armour
 36352 | Vaults:3 | XOM: god gift: glowing trident {god gift}
 36358 | Vaults:3 | XOM: summons 3 friendly demons
 36369 | Vaults:3 | XOM: divine lightning
 36415 | Vaults:3 | XOM: give mutations
 36415 | Vaults:3 | Gained mutation: You have a considerably increased
                  | reservoir of magic. (+20% MP) [Xom's grace]
 36415 | Vaults:3 | Lost mutation: You are somewhat resistant to further
                  | mutation. [Xom's grace]
 36415 | Vaults:3 | Gained mutation: You evolve. [Xom's grace]
 36425 | Vaults:3 | XOM: scenery: create altars
 36560 | Vaults:3 | XOM: scenery: 1 doors close
 36797 | Vaults:3 | XOM: give mutations
 36797 | Vaults:3 | Gained mutation: You passively map a small area around you.
                  | [Xom's grace]
 36797 | Vaults:3 | Gained mutation: You are robust. (+10% HP) [Xom's grace]
 36797 | Vaults:3 | Gained mutation: You are partially covered in thin metallic
                  | scales. (AC +2) [Xom's grace]
 36827 | Vaults:3 | XOM: enchant monster (good)
 36894 | Vaults:4 | XOM: polymorph red very ugly thing -> cyan very ugly thing
 37037 | Vaults:4 | XOM: potion effect (brilliance)
 37066 | Vaults:4 | XOM: harmless Summ miscast
 37325 | Vaults:4 | XOM: cleaving
 37538 | Vaults:4 | XOM: give mutations
 37538 | Vaults:4 | Lost mutation: You evolve. [Xom's mischief]
 37538 | Vaults:4 | Lost mutation: Your mind is very acute. (Int +4) [Xom's
                  | mischief]
 37538 | Vaults:4 | Lost mutation: You possess an exceptional clarity of mind.
                  | [Xom's mischief]
 37538 | Vaults:4 | Lost mutation: Your mind is acute. (Int +2) [Xom's
                  | mischief]
 37766 | Vaults:4 | XOM: fog
 37776 | Vaults:4 | XOM: give mutations
 37776 | Vaults:4 | Lost mutation: You are robust. (+10% HP) [Xom's mischief]
 37776 | Vaults:4 | Gained mutation: You are weak. (Str -2) [Xom's mischief]
 37776 | Vaults:4 | Lost mutation: You have a considerably increased reservoir
                  | of magic. (+20% MP) [Xom's mischief]
 37776 | Vaults:4 | Lost mutation: You are weak. (Str -2) [Xom's mischief]
 37939 | Vaults:4 | XOM: harmless Erth miscast
 38253 | Elf:1    | Entered Level 1 of the Elven Halls
 38403 | Elf:1    | XOM: blink monster(s)
 38476 | Elf:1    | XOM: swap monsters
 38711 | Elf:1    | XOM: medium Summ miscast
 38712 | Elf:1    | XOM: blink monster(s)
 38725 | Elf:1    | Identified the Reference Book on Creative Conjuration
 38755 | Elf:1    | Found a runed translucent gate.
 38755 | Elf:1    | Found a runed translucent gate.
 38756 | Elf:1    | Found a runed translucent gate.
 38757 | Elf:1    | Noticed Fuonemn's ghost (veteran DDBe)
 38773 | Elf:1    | XOM: mild Tmut miscast
 39149 | Elf:1    | XOM: cast spell 'Death Channel'
 39165 | Elf:1    | XOM: summons friendly white imp
 39171 | Elf:1    | XOM: polymorph deep elf mage -> tarantella
 39179 | Elf:1    | XOM: enchant monster (good)
 39333 | Elf:2    | XOM: divine lightning
 39357 | Elf:2    | XOM: blink monster(s)
 39434 | Elf:2    | XOM: scenery: 2 doors open, 1 doors close
 39436 | Elf:2    | XOM: fog
 39444 | Elf:2    | XOM: enchant monster (good)
 39481 | Elf:2    | Found a runed translucent door.
 39481 | Elf:2    | Found a shimmering altar of Xom.
 39481 | Elf:2    | Noticed agentgt's ghost (adept HuVM)
 39623 | Elf:2    | Reached skill level 20 in Fighting
 39636 | Elf:2    | Found a runed translucent gate.
 39636 | Elf:2    | Found a runed translucent gate.
 39636 | Elf:2    | Found a runed translucent gate.
 39660 | Elf:2    | XOM: divination: detect creatures
 39717 | Elf:2    | Reached XP level 22. HP: 246/247 MP: 37/42
 39720 | Elf:2    | XOM: harmless Air miscast
 39721 | Elf:2    | XOM: confuse monster(s)
 39740 | Elf:2    | XOM: mild Ice miscast
 39817 | Elf:2    | XOM: enchant monster (bad)
 39820 | Elf:2    | XOM: enchant monster (good)
 40024 | Elf:2    | XOM: give mutations
 40024 | Elf:2    | Gained mutation: Your flesh is heat resistant. (rF+) [Xom's
                  | grace]
 40024 | Elf:2    | Gained mutation: You evolve. [Xom's grace]
 40215 | Elf:3    | Entered Level 3 of the Elven Halls
 40225 | Elf:3    | Found Weent's Assorted Antiques.
 40233 | Elf:3    | Bought a copper ring for 125 gold pieces
 40268 | Elf:3    | Found Cehasch's Weapon Shoppe.
 40397 | Elf:3    | Identified the +5 broad axe of Urrof {drain, *Drain rElec
                  | rF+++ MR-}
 40611 | Elf:3    | XOM: medium Erth miscast
 40684 | Elf:3    | XOM: chaos upgrade
 40941 | Elf:3    | Identified the ring "Raed" {rPois rN+ MP+9 Dex-2 SInv} (You
                  | found it on level 3 of the Elven Halls)
 40964 | Elf:3    | Got a brightly glowing hat
 40975 | Elf:3    | Identified the +2 hat of the Raven {-Tele rC+++ SInv} (You
                  | acquired it on level 3 of the Elven Halls)
 41007 | Elf:3    | Lost mutation: You have an increased reservoir of magic.
                  | (+10% MP) [evolution]
 41068 | Elf:3    | XOM: 1-stop teleportation journey
 41123 | Elf:3    | XOM: cast spell 'Summon Ice Beast'
 41378 | Elf:3    | XOM: cloud trail
 41379 | Elf:3    | Found Kentor's Magic Scroll Boutique.
 41387 | Elf:3    | Bought a scroll of enchant armour for 105 gold pieces
 41387 | Elf:3    | Bought a scroll of blinking for 105 gold pieces
 41387 | Elf:3    | Bought a scroll of teleportation for 42 gold pieces
 41387 | Elf:3    | Bought a scroll of teleportation for 42 gold pieces
 41387 | Elf:3    | Bought a scroll of silence for 105 gold pieces
 41869 | Depths:1 | Entered Level 1 of the Depths
 41874 | Depths:1 | XOM: confuse monster(s)
 41936 | Depths:1 | XOM: cast spell 'Necromutation'
 41944 | Depths:1 | XOM: cleaving
 41945 | Depths:1 | XOM: cleaving
 42044 | Depths:1 | Noticed a caustic shrike
 42060 | Depths:1 | Killed a caustic shrike
 42106 | Depths:1 | XOM: enchant monster (good)
 42109 | Depths:1 | XOM: confuse monster(s)
 42144 | Depths:1 | Got a brightly glowing wooden ring
 42146 | Depths:1 | Identified the ring of Peace {*Slow rF+ AC+4 Dex+7} (You
                  | found it on level 1 of the Depths)
 42241 | Depths:1 | Reached skill level 15 in Necromancy
 42338 | D:15     | You paid a toll of +3 fire dragon scales to enter a
                  | treasure trove
 42339 | Trove    | Entered a treasure trove
 42370 | Trove    | Identified the amulet "Astet" {+Rage rElec rN+ Str-3} (You
                  | found it in a treasure trove)
 42418 | Trove    | Got a scorched hat
 42431 | Trove    | Identified the +0 hat of Ovvet {+Inv +Fly Str-2 SInv} (You
                  | found it in a treasure trove)
 42534 | Depths:1 | Found a runed translucent gate.
 42534 | Depths:1 | Found a runed translucent gate.
 42535 | Depths:1 | Found a runed translucent gate.
 42535 | Depths:1 | Noticed Cykl0x's ghost (adept MiFi)
 42540 | Depths:1 | Found a viscous altar of Jiyva.
 42644 | Depths:1 | XOM: polymorph mana viper -> cyclops
 42674 | Depths:1 | XOM: divination: detect creatures
 42712 | Depths:1 | Found Lagotea's Jewellery Boutique.
 42715 | Depths:1 | You fall through a shaft!
 42715 | Depths:2 | Noticed Sojobo
 42723 | Depths:2 | XOM: cleaving
 42729 | Depths:2 | XOM: stat loss: -1 Int (19/20)
 42739 | Depths:2 | Noticed Sojobo
 42739 | Depths:2 | Sojobo changed into Sojobo the shard shrike
 42739 | Depths:2 | XOM: polymorph Sojobo -> Sojobo the shard shrike
 42747 | Depths:2 | Found a magical portal.
 42882 | WizLab   | Entered Zonguldrok's Shrine
 42931 | WizLab   | XOM: god gift: potion of flight
 43032 | WizLab   | XOM: swap monsters
 43046 | WizLab   | XOM: god gift: scroll of teleportation
 43064 | WizLab   | XOM: cast spell 'Ring of Flames'
 43077 | WizLab   | Reached XP level 23. HP: 258/258 MP: 39/39
 43174 | WizLab   | Noticed an antique lich
 43189 | WizLab   | Killed an antique lich
 43216 | WizLab   | XOM: give mutations
 43216 | WizLab   | Lost mutation: You have a pair of horns on your head.
                  | [Xom's mischief]
 43216 | WizLab   | Lost mutation: You have a pair of small horns on your head.
                  | [Xom's mischief]
 43216 | WizLab   | Lost mutation: You evolve. [Xom's mischief]
 43216 | WizLab   | Gained mutation: You are frail. (-10% HP) [Xom's mischief]
 43249 | WizLab   | Found the +9 sword of Zonguldrok {reap}
 43288 | WizLab   | XOM: mild Necr miscast
 43297 | WizLab   | XOM: give mutations
 43297 | WizLab   | Gained mutation: Your flesh is very heat resistant. (rF++)
                  | [Xom's grace]
 43297 | WizLab   | Gained mutation: You are resistant to hostile enchantments.
                  | (MR+) [Xom's grace]
 43297 | WizLab   | Gained mutation: You have a pair of small horns on your
                  | head. [Xom's grace]
 43440 | Depths:2 | Reached skill level 21 in Fighting
 43442 | Depths:2 | Found a gateway to Hell.
 43596 | Depths:2 | Found Geurut's Gadget Boutique.
 43626 | Depths:2 | XOM: cast spell 'Summon Horrible Things'
 43649 | Depths:2 | XOM: scenery: create altars
 43660 | Depths:2 | XOM: swap monsters
 43670 | Depths:2 | XOM: medium Hex miscast
 43693 | Depths:2 | XOM: scenery: create altars
 43697 | Depths:2 | XOM: fog
 43698 | Depths:2 | XOM: blink monster(s)
 43702 | Depths:2 | XOM: cleaving
 43917 | Depths:1 | XOM: 2-stop teleportation journey
 43931 | Depths:1 | XOM: cast spell 'Summon Small Mammal'
 44024 | Depths:1 | You fall through a shaft!
 44044 | Depths:2 | XOM: harmless Tmut miscast
 44146 | Depths:2 | XOM: confuse monster(s)
 44443 | Depths:2 | Found Raveiz's Assorted Antiques.
 44443 | Depths:2 | Found Voiruir's Distillery.
 44444 | Depths:2 | Found Caicloyb's General Store.
 44448 | Depths:2 | Found Seefemuv's Distillery.
 44451 | Depths:2 | Bought a scroll labeled HULECLI JUVUG for 33 gold pieces
 44455 | Depths:2 | Bought a potion of heal wounds for 110 gold pieces
 44455 | Depths:2 | Bought a potion of brilliance for 88 gold pieces
 44455 | Depths:2 | Bought a potion of brilliance for 88 gold pieces
 44455 | Depths:2 | Bought 3 potions of might for 264 gold pieces
 44455 | Depths:2 | Bought a potion of cancellation for 176 gold pieces
 44455 | Depths:2 | Bought a potion of brilliance for 88 gold pieces
 44455 | Depths:2 | Bought a potion of curing for 66 gold pieces
 44455 | Depths:2 | Bought a potion of mutation for 176 gold pieces
 44455 | Depths:2 | Bought a potion of magic for 176 gold pieces
 44458 | Depths:2 | Bought a potion of heal wounds for 75 gold pieces
 44458 | Depths:2 | Bought 2 potions of heal wounds for 150 gold pieces
 44458 | Depths:2 | Bought a potion of might for 60 gold pieces
 44458 | Depths:2 | Bought a potion of cancellation for 120 gold pieces
 44458 | Depths:2 | Bought a potion of curing for 45 gold pieces
 44583 | Depths:2 | XOM: fog
 44589 | Depths:2 | Killed Sojobo the shard shrike
 45046 | Depths:2 | XOM: god gift: 27 gold pieces
 45101 | Depths:2 | Noticed a caustic shrike
 45110 | Depths:2 | Killed a caustic shrike
 45193 | Depths:2 | XOM: cast spell 'Summon Mana Viper'
 45222 | Depths:2 | Identified the +2 faerie dragon scales {rCorr Int+7 Slay-3}
 45222 | Depths:2 | Noticed the Enchantress
 45229 | Depths:2 | XOM: enchant monster (good)
 45237 | Depths:2 | XOM: confuse monster(s)
 45243 | Depths:2 | Killed the Enchantress
 45479 | Depths:2 | Found the +8 Wrath of Trog {antimagic, *Rage}
 45484 | Depths:2 | Got a scorched platinum ring
 45487 | Depths:2 | Identified the ring "Bappipuzu" {rC+ rN+} (You found it on
                  | level 2 of the Depths)
 45552 | Depths:3 | XOM: stealth player
 45612 | Depths:2 | XOM: medium Summ miscast
 45669 | Depths:3 | Found a one-way gate leading to the halls of Pandemonium.
 45675 | Depths:3 | XOM: polymorph rust devil -> ice devil
 45707 | Depths:3 | XOM: summons 3 hostile demons
 45786 | Depths:3 | XOM: summons 2 hostile shadow creatures
 45790 | Depths:3 | XOM: harmless Pois miscast
 45985 | Depths:3 | XOM: polymorph spriggan air mage -> minotaur
 45988 | Depths:3 | XOM: swap monsters
 45990 | Depths:3 | XOM: noise
 46012 | Depths:3 | Noticed Saint Roka
 46018 | Depths:3 | Noticed Margery
 46019 | Depths:3 | XOM: cast spell 'Alistair's Intoxication'
 46295 | Depths:3 | You fall through a shaft for 2 floors!
 46295 | Depths:5 | Entered Level 5 of the Depths
 46296 | Depths:5 | Noticed Frederick
 46322 | Depths:5 | Killed Frederick
 46388 | Depths:5 | XOM: 1-stop teleportation journey
 46432 | Depths:4 | XOM: mild Fire miscast
 46453 | Depths:4 | Reached XP level 24. HP: 222/243 MP: 38/40
 46559 | Depths:3 | XOM: cloud trail
 46560 | Depths:3 | Identified the cursed ring of the Voivode {EV-3 Dex+2} (You
                  | found it on level 3 of the Depths)
 46607 | Depths:3 | XOM: potion effect (brilliance)
 46609 | Depths:3 | Killed Margery
 46610 | Depths:3 | XOM: divination: detect creatures
 46621 | Depths:3 | XOM: cast spell 'Statue Form'
 46634 | Depths:3 | XOM: scenery: create altars
 46646 | Depths:3 | Identified the ring "Sufinev" {Fire Int+2}
 46649 | Depths:3 | Identified the ring of Ezixzis {Dex+3 Stlth+}
 46650 | Depths:3 | XOM: harmless Fire miscast
 46653 | Depths:3 | Identified the amulet "Bukedgh" {+Rage rElec rC+++ MP-9
                  | Dex+2}
 46661 | Depths:3 | XOM: cast spell 'Summon Butterflies'
 46700 | Depths:3 | Killed Saint Roka
 46728 | Depths:3 | XOM: cast spell 'Summon Butterflies'
 46827 | Depths:3 | XOM: cast spell 'Leda's Liquefaction'
 46914 | Depths:3 | XOM: confuse monster(s)
 46939 | Depths:3 | Found a gateway to a ziggurat.
 47167 | Depths:3 | Found a corrupted altar of Lugonu.
 47168 | Depths:3 | Found a one-way gate to the infinite horrors of the Abyss.
 47421 | Depths:3 | XOM: harmless Ice miscast
 47488 | Depths:4 | XOM: harmless Conj miscast
 47592 | Depths:4 | XOM: divination: magic mapping
 47701 | Depths:4 | XOM: divination: magic mapping
 47712 | Depths:4 | XOM: potion effect (might)
 47713 | Depths:4 | XOM: potion effect (agility)
 47733 | Depths:4 | XOM: divination: magic mapping
 47758 | Depths:4 | XOM: silly message
 47789 | Depths:4 | XOM: mild Conj miscast
 47872 | Depths:4 | XOM: summons 8 friendly demons
 48042 | Depths:4 | Reached skill level 22 in Fighting
 48059 | Depths:4 | XOM: enchant monster (good)
 48070 | Depths:4 | XOM: potion effect (curing)
 48071 | Depths:4 | XOM: confuse monster(s)
 48077 | Depths:4 | XOM: destruction
 48108 | Depths:4 | XOM: divination: detect creatures
 48111 | Depths:4 | XOM: destruction
 48113 | Depths:4 | XOM: summons 2 friendly demons
 48126 | Depths:4 | XOM: confuse monster(s)
 48127 | Depths:4 | XOM: summons friendly chaos spawn
 48407 | Depths:4 | XOM: give mutation
 48407 | Depths:4 | Gained mutation: Your natural rate of healing is unusually
                  | fast. [Xom's grace]
 48698 | Depths:4 | Paralysed by a floating eye for 2 turns
 48717 | Depths:4 | XOM: summons 11 friendly demons
 48728 | Depths:4 | XOM: destruction
 48729 | Depths:4 | XOM: scenery: create altars
 48748 | Depths:4 | XOM: cleaving
 48787 | Depths:4 | Reached skill level 10 in Dodging
 48787 | Depths:4 | Reached XP level 25. HP: 252/252 MP: 10/41
 48854 | Depths:4 | XOM: noise
 49118 | Depths:5 | Found a gate to the Realm of Zot.
 49123 | Depths:5 | XOM: confuse monster(s)
 49223 | Depths:2 | Bought a scroll of enchant weapon for 120 gold pieces
 49275 | Depths:5 | XOM: scenery: create altars
 49344 | Depths:5 | XOM: polymorph caustic shrike -> iron giant
 49347 | Depths:5 | XOM: harmless Tloc miscast
 49348 | Depths:5 | XOM: fog
 49509 | Depths:5 | XOM: give mutations
 49509 | Depths:5 | Gained mutation: Your muscles are strong. (Str +2) [Xom's
                  | grace]
 49509 | Depths:5 | Gained mutation: You passively map the area around you.
                  | [Xom's grace]
 49514 | Depths:5 | XOM: scenery: create altars
 49529 | Depths:5 | XOM: fog
 49531 | Depths:5 | XOM: summons friendly iron imp
 49542 | Depths:5 | XOM: divination: magic mapping
 49548 | Depths:5 | XOM: swap monsters
 49581 | Depths:5 | XOM: smoke on damage
 49582 | Depths:5 | XOM: chaos upgrade
 49596 | Depths:5 | XOM: noise
 49611 | Depths:5 | Reached XP level 26. HP: 128/261 MP: 24/41
 49699 | Depths:5 | XOM: 4-stop teleportation journey
 49830 | Depths:5 | XOM: noise
 49867 | Depths:5 | Learned a level 6 spell: Deflect Missiles
 50036 | Depths:5 | XOM: silly message
 50110 | Depths:5 | XOM: harmless Tloc miscast
 50304 | Depths:1 | XOM: harmless Conj miscast
 50985 | D:9      | XOM: summons 1 hostile demon
 51104 | Vaults:1 | XOM: give mutations
 51104 | Vaults:1 | Gained mutation: You are somewhat resistant to further
                  | mutation. [Xom's grace]
 51104 | Vaults:1 | Gained mutation: You possess an exceptional clarity of
                  | mind. [Xom's grace]
 51104 | Vaults:1 | Gained mutation: Your spells are a little harder to cast,
                  | but a little more powerful. [Xom's grace]
 51223 | Vaults:5 | Entered Level 5 of the Vaults
 51223 | Vaults:5 | XOM: god gift: 14 gold pieces
 51226 | Vaults:5 | Reached skill level 1 in Air Magic
 51229 | Vaults:5 | Reached skill level 5 in Charms
 51355 | Vaults:4 | XOM: 4-stop teleportation journey
 51387 | Vaults:5 | XOM: enchant monster (good)
 51410 | Vaults:4 | XOM: harmless Tloc miscast
 51414 | Vaults:4 | XOM: give mutations
 51414 | Vaults:4 | Lost mutation: You are somewhat resistant to further
                  | mutation. [Xom's mischief]
 51414 | Vaults:4 | Lost mutation: You have a pair of small horns on your head.
                  | [Xom's mischief]
 51415 | Vaults:4 | XOM: polymorph catoblepas -> glowing shapeshifter
 51446 | Vaults:4 | XOM: fake destruction
 51460 | Vaults:4 | XOM: summons friendly white imp
 51461 | Vaults:4 | Reached skill level 15 in Spellcasting
 51717 | Vaults:4 | XOM: fog
 51780 | Vaults:4 | XOM: cloud trail
 51883 | Vaults:4 | XOM: cleaving
 51893 | Vaults:4 | XOM: confuse monster(s)
 51982 | Vaults:4 | XOM: fog
 51996 | Vaults:4 | XOM: give mutation
 51996 | Vaults:4 | Gained mutation: You have sharp fingernails. [Xom's grace]
 52126 | Vaults:5 | XOM: cleaving
 52128 | Vaults:5 | XOM: fog
 52129 | Vaults:5 | XOM: summons friendly quasit
 52149 | Vaults:4 | Reached skill level 5 in Air Magic
 52310 | Vaults:4 | XOM: stat loss: -1 Dex (23/24)
 52334 | Vaults:5 | XOM: stat loss: -1 Str (24/25)
 52337 | Vaults:5 | XOM: scenery: create altars
 52338 | Vaults:5 | XOM: stat loss: -1 Int (20/21)
 52343 | Vaults:5 | XOM: smoke on damage
 52460 | Vaults:5 | XOM: harmless Air miscast
 52513 | Vaults:5 | XOM: stat loss: -1 Int (20/21)
 52531 | Vaults:5 | XOM: 1-stop teleportation journey
 52584 | Vaults:5 | XOM: summons friendly quasit
 52588 | Vaults:5 | XOM: god gift: 7 needles of sleeping
 52602 | Vaults:5 | XOM: swap monsters
 52739 | Vaults:5 | XOM: enchant monster (bad)
 52800 | Vaults:5 | Identified the +5 arbalest of the Pill Bug {elec, rElec
                  | rF+}
 52852 | Vaults:5 | XOM: summons 3 hostile demons
 52864 | Vaults:5 | XOM: harmless Fire miscast
 52885 | Vaults:5 | XOM: 1-stop teleportation journey
 52900 | Vaults:5 | XOM: cast spell 'Chain of Chaos'
 52965 | Vaults:5 | XOM: 8-stop teleportation journey
 52997 | Vaults:5 | XOM: cast spell 'Dispersal'
 53010 | Vaults:5 | XOM: fog
 53035 | Vaults:5 | Reached XP level 27. HP: 175/270 MP: 26/42
 53408 | Vaults:5 | XOM: confuse monster(s)
 53457 | Vaults:5 | XOM: 4-stop teleportation journey
 53511 | Vaults:5 | XOM: medium Summ miscast
 53580 | Vaults:5 | Reached skill level 15 in Summonings
 53596 | Vaults:5 | XOM: medium Hex miscast
 53654 | Vaults:5 | XOM: chaos cloud
 53963 | Vaults:5 | Found Boziat's Gadget Shoppe.
 53970 | Vaults:5 | Got a silver rune of Zot
 53973 | Vaults:5 | Found Jeanoup's Gadget Shop.
 54074 | Vaults:5 | XOM: summons 1 hostile demon
 54140 | Vaults:5 | XOM: severe Ice miscast
 54272 | Vaults:5 | XOM: severe Pois miscast
 54612 | Zot:1    | Entered Level 1 of the Realm of Zot
 54618 | Zot:1    | XOM: 1-stop teleportation journey
 54664 | Zot:1    | XOM: give mutation
 54664 | Zot:1    | Lost mutation: You passively map the area around you.
                  | [Xom's mischief]
 54671 | Zot:1    | XOM: smoke on damage
 54675 | Zot:1    | XOM: divination: detect items
 54680 | Zot:1    | XOM: smoke on damage
 54992 | Zot:1    | XOM: divination: magic mapping
 55010 | Zot:1    | XOM: potion effect (agility)
 55103 | Zot:1    | XOM: harmless Ice miscast
 55229 | Zot:1    | Found a large runed translucent door.
 55229 | Zot:1    | Found a large runed translucent door.
 55231 | Zot:1    | Noticed Decrayps's ghost (veteran FeEn)
 55406 | Zot:1    | XOM: divination: magic mapping
 55464 | Zot:1    | XOM: potion effect (invisibility)
 55585 | Zot:1    | Killed Decrayps's ghost
 55669 | Zot:1    | XOM: harmless Tloc miscast
 55721 | Zot:2    | XOM: potion effect (curing)
 55733 | Zot:1    | XOM: harmless Ice miscast
 55813 | Zot:1    | XOM: enchant monster (good)
 55940 | Zot:2    | XOM: enchant monster (bad)
 56005 | Zot:2    | XOM: confuse monster(s)
 56195 | D:15     | XOM: mild Pois miscast
 56418 | Zot:2    | XOM: divination: magic mapping
 56420 | Zot:2    | XOM: swap monsters
 56426 | Zot:2    | XOM: polymorph moth of wrath -> shapeshifter
 56430 | Zot:2    | XOM: scenery: create altars
 56447 | Zot:2    | XOM: confuse monster(s)
 56465 | Zot:2    | XOM: give mutations
 56465 | Zot:2    | Gained mutation: You can translocate small distances at
                  | will. [Xom's grace]
 56465 | Zot:2    | Gained mutation: Your muscles are very strong. (Str +4)
                  | [Xom's grace]
 56465 | Zot:2    | Gained mutation: Your system is resistant to poisons.
                  | (rPois) [Xom's grace]
 56481 | Zot:2    | XOM: repel stairs
 56492 | Zot:2    | Reached skill level 10 in Charms
 56499 | Zot:2    | XOM: noise
 56505 | Zot:2    | XOM: summons 10 hostile demons
 56512 | Zot:2    | XOM: chaos cloud
 56518 | Zot:2    | XOM: harmless Ice miscast
 56520 | Zot:2    | XOM: swap monsters
 56610 | Zot:2    | XOM: enchant monster (bad)
 56613 | Zot:2    | XOM: cleaving
 56632 | Zot:2    | XOM: fog
 56784 | Zot:2    | XOM: potion effect (heal wounds)
 56792 | Zot:2    | XOM: summons 3 friendly demons
 56807 | Zot:2    | XOM: smoke on damage
 56839 | Zot:2    | XOM: divine lightning
 56914 | Zot:2    | XOM: destruction
 56921 | Zot:2    | XOM: summons 4 friendly demons
 56958 | Zot:2    | Identified the +5 double sword of the Postmodern Seas
                  | {vamp, Int+3 Dex+6} (You found it on level 2 of the Realm
                  | of Zot)
 57174 | Zot:2    | XOM: noise
 57203 | Zot:2    | XOM: cleaving
 57500 | Zot:3    | XOM: cast spell 'Summon Hydra'
 57503 | Zot:3    | XOM: potion effect (magic)
 57505 | Zot:3    | XOM: harmless Erth miscast
 57510 | Zot:3    | XOM: harmless Chrm miscast
 57584 | Zot:3    | XOM: silly message
 57585 | Zot:3    | XOM: divination: detect creatures
 57596 | Zot:3    | XOM: cast spell 'Shadow Creatures'
 57609 | Zot:3    | XOM: summons 1 hostile shadow creature
 58082 | Zot:3    | XOM: cloud trail
 58145 | Zot:3    | You fall through a shaft!
 58162 | Zot:4    | XOM: mild Tloc miscast
 58295 | Zot:3    | XOM: mild Tloc miscast
 58310 | Zot:3    | Reached skill level 10 in Air Magic
 58316 | Zot:3    | XOM: mild Hex miscast
 58392 | Zot:4    | Cast into level 5 of the Abyss (Xom)
 58392 | Abyss:5  | Entered Level 5 of the Abyss
 58406 | Abyss:5  | XOM: summons friendly shadow imp
 58408 | Abyss:5  | XOM: divination: detect items
 58456 | Abyss:5  | XOM: potion effect (curing)
 58542 | Abyss:5  | XOM: silly message
 58582 | Abyss:5  | Found a corrupted altar of Lugonu.
 58618 | Abyss:5  | Got an abyssal rune of Zot
 58703 | Abyss:5  | XOM: harmless Air miscast
 58828 | Abyss:5  | XOM: blink monster(s)
 58856 | Abyss:5  | XOM: polymorph naga warrior -> shapeshifter
 58864 | Abyss:5  | XOM: give mutations
 58864 | Abyss:5  | Lost mutation: Your system is resistant to poisons. (rPois)
                  | [Xom's mischief]
 58864 | Abyss:5  | Lost mutation: You can translocate small distances at will.
                  | [Xom's mischief]
 58864 | Abyss:5  | Lost mutation: Your flesh is very heat resistant. (rF++)
                  | [Xom's mischief]
 58864 | Abyss:5  | Lost mutation: You are frail. (-10% HP) [Xom's mischief]
 58994 | Abyss:5  | XOM: stat loss: -1 Dex (23/24)
 59011 | Zot:4    | Escaped the Abyss
 59043 | Zot:4    | XOM: harmless Tmut miscast
 59102 | Zot:4    | XOM: give mutations
 59102 | Zot:4    | Lost mutation: Your spells are a little harder to cast, but
                  | a little more powerful. [Xom's mischief]
 59102 | Zot:4    | Lost mutation: Your flesh is heat resistant. (rF+) [Xom's
                  | mischief]
 59102 | Zot:4    | Lost mutation: You are partially covered in thin metallic
                  | scales. (AC +2) [Xom's mischief]
 59863 | Depths:1 | XOM: summons 2 hostile shadow creatures
 59870 | Depths:1 | Bought a +4 ring of slaying for 1170 gold pieces
 59876 | Depths:1 | XOM: fake destruction
 60087 | Depths:1 | XOM: enchant monster (bad)
 60108 | Depths:1 | XOM: enchant monster (good)
 60339 | Depths:1 | XOM: potion effect (brilliance)
 60343 | Depths:1 | XOM: cast spell 'Leda's Liquefaction'
 60510 | Depths:5 | XOM: god gift: runed robe {god gift}
 60615 | Zot:4    | XOM: god gift: 25 gold pieces
 60658 | Zot:4    | XOM: fake destruction
 60689 | Zot:4    | XOM: give mutation
 60689 | Zot:4    | Lost mutation: Your muscles are very strong. (Str +4)
                  | [Xom's mischief]
 60696 | Zot:4    | XOM: summons 6 friendly demons
 60709 | Zot:4    | XOM: divination: detect items
 60711 | Zot:4    | XOM: enchant monster (good)
 60735 | Zot:4    | XOM: confuse monster(s)
 60761 | Zot:4    | XOM: potion effect (heal wounds)
 60801 | Zot:4    | XOM: cast spell 'Death Channel'
 60811 | Zot:4    | XOM: enchant monster (bad)
 60856 | Zot:4    | Learned a level 8 spell: Borgnjor's Revivification
 60865 | Zot:4    | Learned a level 8 spell: Infestation
 61187 | Zot:4    | XOM: enchant monster (bad)
 61372 | Zot:5    | Entered Level 5 of the Realm of Zot
 61380 | Zot:5    | Found a hide-covered altar of Uskayaw.
 61657 | Zot:5    | Found an iron altar of Okawaru.
 61993 | Zot:5    | XOM: enchant monster (bad)
 62079 | Zot:5    | XOM: swap monsters
 62118 | Zot:5    | Noticed an ancient lich
 62143 | Zot:5    | Killed an ancient lich
 62157 | Zot:5    | XOM: enchant monster (good)
 62374 | Zot:5    | Noticed an orb of fire
 62383 | Zot:5    | XOM: summons 2 hostile shadow creatures
 62384 | Zot:5    | Noticed an orb of fire
 62401 | Zot:5    | XOM: mild Tmut miscast
 62401 | Zot:5    | Gained mutation: You occasionally shout uncontrollably at
                  | your foes. [an orb of fire]
 62403 | Zot:5    | XOM: torment (191/301 hp)
 62404 | Zot:5    | Lost mutation: You occasionally shout uncontrollably at
                  | your foes. [an orb of fire]
 62414 | Zot:5    | XOM: swap monsters
 62419 | Zot:5    | Killed an orb of fire
 62451 | Zot:5    | XOM: mild Necr miscast
 62466 | Zot:5    | XOM: summons friendly iron imp
 62471 | Zot:5    | XOM: mild Erth miscast
 62514 | Zot:5    | XOM: confuse monster(s)
 62598 | Zot:5    | XOM: severe Summ miscast
 62598 | Zot:5    | Cast into level 5 of the Abyss (the severe capriciousness
                  | of Xom)
 62598 | Abyss:5  | Entered Level 5 of the Abyss
 62601 | Abyss:5  | Found a corrupted altar of Lugonu.
 62661 | Zot:5    | Escaped the Abyss
 62665 | Zot:5    | XOM: summons 5 friendly demons
 62800 | Zot:5    | XOM: mild Conj miscast
 62808 | Zot:5    | Noticed an ancient lich
 62820 | Zot:5    | XOM: torment (197/301 hp)
 62846 | Zot:5    | XOM: harmless Ice miscast
 62847 | Zot:5    | XOM: potion effect (magic)
 62850 | Zot:5    | Killed an ancient lich
 62984 | Zot:5    | XOM: scenery: create altars
 63024 | Zot:5    | XOM: scenery: create altars
 63031 | Zot:5    | XOM: divine lightning
 63072 | Zot:5    | XOM: summons friendly chaos spawn
 63131 | Zot:5    | XOM: divination: detect items
 63137 | Zot:5    | Paralysed by a Killer Klown for 3 turns
 63382 | Zot:5    | XOM: potion effect (might)
 63398 | Zot:5    | XOM: confuse monster(s)
 63406 | Zot:5    | XOM: cast spell 'Summon Ice Beast'
 63499 | Zot:5    | Noticed an orb of fire
 63501 | Zot:5    | Lost mutation: Your natural rate of healing is unusually
                  | fast. [an orb of fire]
 63529 | Zot:5    | Killed an orb of fire
 63536 | Zot:5    | XOM: smoke on damage
 63542 | Zot:5    | XOM: potion effect (haste)
 63553 | Zot:5    | XOM: god gift: ration
 63651 | Zot:5    | XOM: god gift: 47 gold pieces
 63754 | Zot:5    | Noticed an ancient lich
 63761 | Zot:5    | Noticed an ancient lich
 63773 | Zot:5    | XOM: cleaving
 63775 | Zot:5    | Killed an ancient lich
 63777 | Zot:5    | Killed an ancient lich
 63979 | Zot:5    | Got the Orb of Zot
 63986 | Zot:5    | XOM: potion effect (berserk rage)
 64063 | Zot:5    | XOM: confuse monster(s)
 64067 | Zot:5    | XOM: cast spell 'Chain of Chaos'
 64195 | Depths:3 | Noticed Todoanou the pandemonium lord
 64254 | Depths:1 | XOM: summons friendly white imp
 64300 | D:12     | XOM: scenery: create altars
 64368 | D:9      | XOM: god gift: ration
 64406 | D:8      | XOM: scenery: create altars
 64567 | D:1      | Gained mutation: Your body sometimes deteriorates upon
                  | taking damage. [a cacodemon]
 64585 | D:$      | Escaped with the Orb!

Skill      XL: |  1  2  3  4  5  6  7  8  9 10 11 12 13 14 15 16 17 18 19 20 21 22 23 24 25 26 27 |
---------------+----------------------------------------------------------------------------------+-----
Fighting       | 5 6 7 8 10 12 13 14 15 16 17 18 19 20 21 22 | 22.3
Dodging        | 3 4 5 6 8 9 10 | 10.6
Polearms       | 4 5 6 7 9 10 11 12 13 14 | 14.0
Shields        | 1 3 5 7 9 11 12 13 14 15 | 15.0
Necromancy     | 1 2 4 6 7 8 10 12 13 15 16 17 18 20 | 20.8
Spellcasting   | 1 4 5 6 7 8 10 11 12 13 14 15 17 | 17.7
Charms         | 1 3 4 8 14 | 14.5
Hexes          | 3 4 5 |  5.9
Summonings     | 3 5 6 8 9 10 11 12 13 14 16 | 16.7
Armour         | 3 5 6 7 8 9 10 11 12 13 | 13.1
Air Magic      | 6 11 | 11.0

Action                   |  1- 3 |  4- 6 |  7- 9 | 10-12 | 13-15 | 16-18 | 19-21 | 22-24 | 25-27 || total
-------------------------+-------+-------+-------+-------+-------+-------+-------+-------+-------++-------
Melee: Spear             |   111 |   148 |   468 |   863 |  1843 |       |       |       |       ||  3433
       Headbutt          |       |    15 |   102 |   159 |   396 |   356 |   527 |   608 |   163 ||  2326
       Kick              |       |       |       |   187 |   600 |   546 |   431 |       |       ||  1764
       Trident           |       |       |       |       |    78 |   289 |       |       |       ||   367
       Demon trident     |       |       |       |       |       |  1583 |  2036 |  2021 |  3677 ||  9317
       Peck              |       |       |       |       |       |       |   451 |   608 |  1332 ||  2391
       Unarmed           |       |       |       |       |       |       |     1 |       |       ||     1
Throw: Throwing net      |       |     2 |       |       |       |       |       |       |       ||     2
 Cast: Animate Skeleton  |       |       |       |     3 |    34 |     4 |    17 |       |       ||    58
       Spectral Weapon   |       |       |       |       |    31 |    27 |    24 |     4 |    12 ||    98
       Confusing Touch   |       |       |       |       |     4 |     1 |       |       |       ||     5
       Regeneration      |       |       |       |       |     9 |    42 |    35 |    41 |    53 ||   180
       Summon Mana Viper |       |       |       |       |       |     4 |    38 |    65 |    66 ||   173
       Haunt             |       |       |       |       |       |       |     2 |     7 |    66 ||    75
       Deflect Missiles  |       |       |       |       |       |       |       |       |    12 ||    12
       Infestation       |       |       |       |       |       |       |       |       |     3 ||     3
Evoke: Wand              |       |       |     1 |     3 |     5 |     4 |       |     5 |     3 ||    21
       Phial of floods   |       |       |       |       |       |     2 |     1 |       |     1 ||     4
       Fan of gales      |       |       |       |       |       |       |       |       |     1 ||     1
  Use: Potion            |     2 |     1 |     1 |     9 |     1 |     8 |     5 |     6 |    27 ||    60
       Scroll            |     1 |       |    18 |     3 |    18 |    14 |     9 |    25 |    25 ||   113
 Stab: Sleeping          |     1 |       |     2 |       |     2 |     1 |    11 |    10 |     9 ||    36
       Paralysed         |     2 |     1 |    14 |    18 |    40 |       |     1 |       |     6 ||    82
       Confused          |       |     2 |     1 |     3 |    21 |     2 |    10 |    27 |    21 ||    87
       Invisible         |       |     2 |       |       |     8 |     4 |       |       |     2 ||    16
       Petrified         |       |       |    27 |     8 |    15 |     2 |       |       |       ||    52
       Petrifying        |       |       |     4 |     6 |     9 |       |       |       |     2 ||    21
       Distracted        |       |       |       |     1 |    10 |     5 |    14 |    12 |    33 ||    75
       Held in net/web   |       |       |       |       |       |     1 |       |       |       ||     1
       Betrayed ally     |       |       |       |       |       |       |       |     1 |       ||     1
  Eat: Chunk             |     1 |     4 |    11 |    14 |    30 |    34 |    38 |    20 |    19 ||   171
       Ration            |       |       |       |       |     1 |     2 |     1 |     9 |    23 ||    36
Armor: Robe              |    19 |    19 |    37 |    30 |     5 |       |       |       |       ||   110
       Skin              |       |       |       |    89 |       |       |       |     6 |       ||    95
       Acid dragon scale |       |       |       |       |    75 |   406 |   186 |   351 |   701 ||  1719
Dodge: Dodged            |    44 |    42 |    59 |   111 |   186 |   469 |   266 |   521 |  1112 ||  2810
       Deflected         |       |     4 |     2 |       |    15 |     8 |    30 |    41 |   135 ||   235
Block: Large shield      |       |       |   284 |   726 |  1128 |  1505 |  1062 |  1222 |  3147 ||  9074
